 Dungeon Crawl Stone Soup version 0.27-a0-216-g1fbed8a51c (webtiles) character file.

Game seed: 10841600942328061406

1436951 gimp the Conqueror (level 27, -1/249 HPs)
             Began as a Demonspawn Earth Elementalist on Jan 31, 2021.
             Was an Initiate of Gozag.
             Slain by an azure jelly (8 damage)
             ... while paralysed by a great orb of eyes
             ... on level 20 of a ziggurat.
             The game lasted 08:11:36 (171776 turns).

gimp the Conqueror (DsEE)                         Turns: 171776, Time: 08:11:36

Health: -1/249     AC:  5    Str: 10    XL:     27
Magic:  7/48       EV:  2    Int: 31    God:    Gozag
Gold:   39680      SH:  0    Dex: 23    Spells: 14/79 levels left

rFire    + + +     SeeInvis +   b - +8 arc blade {discharge, rElec}
rCold    + + +     Faith    .   Q - +1 kite shield of the Present {rF+ Dex+3}
rNeg     + . .     Spirit   .   E - +2 robe {rC+ rF+}
rPois    +         Reflect  .   (helmet unavailable)
rElec    +         Harm     .   i - +2 cloak of Nihilism {Will+ SInv}
rCorr    +         Rampage  .   u - +0 pair of gloves "Yraegev" {Regen+ Int+4 Dex+4}
Will     +++..                  V - +1 pair of boots of Mezcal {rN+}
Stlth    +++++.....             Y - amulet of Knowledge {+Blink rElec Regen+ Int+3}
HPRegen  1.31/turn              y - ring "Zilunwung" {rC++ Slay+4 SInv}
MPRegen  0.31/turn              U - ring of the Assorted Knives {rPois rF+ rCorr Dex-2}

@: paralysed, corroded, gold aura, hasted, studying Shields
A: horns 3, large bone plates 3, blink, deformed body, demonic guardian 3, dopey
1, foul stench 3, low mp 1, strong 1, augmentation 3
}: 15/15 runes: serpentine, barnacled, slimy, silver, golden, iron, obsidian,
icy, bone, abyssal, demonic, glowing, magical, fiery, dark
a: Blink, Renounce Religion, Evoke Blink, Potion Petition, Call Merchant, Bribe
Branch


You were on level 20 of a ziggurat.
You worshipped Gozag.
Gozag was extremely pleased with you.
You visited 18 branches of the dungeon, and saw 90 of its levels.
You visited Pandemonium 1 time, and saw 12 of its levels.
You visited the Abyss 2 times.
You visited 1 ziggurat, and saw 20 of its levels.
You also visited: Bailey, Gauntlet, Wizlab and Desolation.

You collected 70618 gold pieces.
You spent 15756 gold pieces at shops.
You paid 15182 gold pieces to Gozag.

Inventory:

Hand Weapons
 a - a +9 quick blade of electrocution
 b - the +8 arc blade (weapon) {discharge, rElec}
   (You acquired it on level 3 of the Vaults)

   It insulates you from electricity.
 r - the +8 mithril axe "Arga" {speed, Will+}
   (You found it on level 3 of the Crypt)

   Attacks with this weapon are significantly faster.
   It affects your willpower, your defense against some magical effects.
Missiles
 l - 29 curare-tipped darts
 x - 8 throwing nets
Armour
 c - the +4 robe of Feasting {rElec rCorr}
   (You found it on level 10 of a ziggurat)

   It insulates you from electricity.
   It provides partial protection from all sources of acid and corrosion.
 i - the +2 cloak of Nihilism (worn) {Will+ SInv}
   (You found it in a wizard's laboratory)

   It affects your willpower, your defense against some magical effects.
   It lets you see invisible.
 u - the +0 pair of gloves "Yraegev" (worn) {Regen+ Int+4 Dex+4}
   (You found it on level 3 of the Realm of Zot)

   It affects your intelligence (+4).
   It affects your dexterity (+4).
   It increases your rate of regeneration.
 z - a scarf of resistance
 D - a +0 tower shield of resistance
 E - a +2 robe of resistance (worn)
 H - the +9 scales of the Dragon King {rPois rF+ rC+ Will+}
   (You found it on level 3 of the Elven Halls)

   It protects you from fire.
   It protects you from cold.
   It protects you from poison.
   It affects your willpower, your defense against some magical effects.
 Q - the +1 kite shield of the Present (worn) {rF+ Dex+3}
   (You took it off a deep elf death mage on level 3 of the Elven Halls)

   It affects your dexterity (+3).
   It protects you from fire.
 V - the +1 pair of boots of Mezcal (worn) {rN+}
   (You found it on level 3 of the Elven Halls)

   It protects you from negative energy.
Magical Staves
 O - an uncursed staff of earth
Jewellery
 y - the ring "Zilunwung" (left hand) {rC++ Slay+4 SInv}
   (You bought it in a shop on level 1 of the Vaults)

   [ring of slaying]

   It affects your accuracy and damage with ranged weapons and melee attacks
   (+4).
   It greatly protects you from cold.
   It lets you see invisible.
 C - the amulet "Buquch" {Reflect Int+6 Dex+5 SH+5}
   (You took it off a vault warden on level 5 of the Vaults)

   [amulet of reflection]

   It shields you and reflects attacks.
   It affects your intelligence (+6).
   It affects your dexterity (+5).
   It affects your SH (+5).
 U - the ring of the Assorted Knives (right hand) {rPois rF+ rCorr Dex-2}
   (You found it on level 3 of a ziggurat)

   [ring of resist corrosion]

   It affects your dexterity (-2).
   It protects you from fire.
   It protects you from poison.
   It provides partial protection from all sources of acid and corrosion.
 W - the ring of Tyogh {rPois Will+ SInv}
   (You bought it in a shop on level 5 of the Depths)

   [ring of poison resistance]

   It protects you from poison.
   It affects your willpower, your defense against some magical effects.
   It lets you see invisible.
 Y - the amulet of Knowledge (around neck) {+Blink rElec Regen+ Int+3}
   (You found it on level 16 of a ziggurat)

   [amulet of regeneration]

   It affects your intelligence (+3).
   It insulates you from electricity.
   It lets you blink.
   It increases your rate of regeneration.
Wands
 d - a wand of acid (25)
 A - a wand of iceblast (52)
 M - a wand of digging (60)
Scrolls
 g - 17 scrolls of fog
 n - 9 scrolls of amnesia
 o - 48 scrolls of teleportation
 s - 3 scrolls of summoning
 t - 52 scrolls of remove curse
 B - 11 scrolls of blinking
 F - 6 scrolls of fear
 J - 14 scrolls of enchant armour
 L - 4 scrolls of silence
 R - 12 scrolls of identify
 Z - 7 scrolls of magic mapping
Potions
 f - 7 potions of haste
 h - 7 potions of flight
 j - 4 potions of cancellation
 k - 13 potions of resistance
 m - 10 potions of heal wounds
 p - 29 potions of curing
 q - 9 potions of ambrosia
 w - 8 potions of might
 I - 7 potions of brilliance
 P - 18 potions of mutation
 T - 7 potions of magic
Books
 e - a manual of Shields
Miscellaneous
 v - a tin of tremorstones (2/2)
 G - a lightning rod (4/4)
 K - a phantom mirror
 N - a condenser vane (inert)
 S - a phial of floods
 X - the horn of Geryon


   Skills:
 O Level 27 Fighting
 - Level 14.0 Short Blades
 - Level 20.0 Dodging
 - Level 12.0 Stealth
 * Level 19.2 Shields
 * Level 26.6 Spellcasting
 - Level 10.0 Conjurations
 - Level 20.0 Necromancy
 - Level 2.0 Translocations
 - Level 15.0 Transmutations
 - Level 20.0 Fire Magic
 - Level 24.0 Ice Magic
 - Level 24.0 Earth Magic
 - Level 10.5 Evocations


You had 14 spell levels left.
You knew the following spells:

 Your Spells              Type           Power        Failure   Level
a - Absolute Zero         Ice            56%          3%          9
b - Irradiate             Conj/Tmut      43%          1%          5
c - Necromutation         Tmut/Necr      49%          3%          8
d - Apportation           Tloc           100%         1%          1
e - Passwall              Tmut/Erth      86%          0%          2
f - Lee's Rapid Deconstr  Erth           56%          0%          5
g - Blink                 Tloc           N/A          1%          2
h - Borgnjor's Vile Clut  Necr/Erth      54%          0%          5
i - Bolt of Magma         Conj/Fire/Erth 50%          0%          5
k - Ignition              Fire           52%          1%          8
l - Iron Shot             Conj/Erth      49%          1%          6
m - Shatter               Erth           56%          3%          9

Your spell library contained the following spells:

 Spells                   Type           Power        Failure   Level
 Animate Skeleton         Necr           100%         0%          1
 Foxfire                  Conj/Fire      100%         0%          1
 Freeze                   Ice            100%         0%          1
 Magic Dart               Conj           100%         0%          1
 Pain                     Necr           100%         0%          1
 Sandblast                Erth           100%         0%          1
 Corpse Rot               Necr/Air       N/A          0%          2
 Ensorcelled Hibernation  Hex/Ice        100%         0%          2
 Searing Ray              Conj           100%         0%          2
 Sublimation of Blood     Necr           52%          0%          2
 Conjure Flame            Conj/Fire      94%          0%          3
 Frozen Ramparts          Ice            100%         0%          3
 Ignite Poison            Fire/Tmut/Pois 85%          0%          3
 Ozocubu's Armour         Ice            100%         0%          3
 Stone Arrow              Conj/Erth      100%         0%          3
 Vampiric Draining        Necr           52%          0%          3
 Animate Dead             Necr           52%          0%          4
 Dispel Undead            Necr           100%         0%          4
 Hailstorm                Conj/Ice       98%          0%          4
 Ice Form                 Ice/Tmut       100%         0%          4
 Petrify                  Tmut/Erth      100%         0%          4
 Sticky Flame             Conj/Fire      94%          0%          4
 Agony                    Necr           100%         0%          5
 Excruciating Wounds      Necr           52%          0%          5
 Simulacrum               Ice/Necr       54%          0%          6
 Corona                   Hex            45%          1%          1
 Shock                    Conj/Air       100%         1%          1
 Sting                    Tmut/Pois      100%         1%          1
 Summon Small Mammal      Summ           100%         1%          1
 Call Imp                 Summ           41%          1%          2
 Poisonous Vapours        Pois/Air       82%          1%          2
 Slow                     Hex            41%          1%          2
 Swiftness                Air            41%          1%          2
 Call Canine Familiar     Summ           41%          1%          3
 Confusing Touch          Hex            41%          1%          3
 Dazzling Flash           Conj/Hex       100%         1%          3
 Gell's Gravitas          Tloc           26%          1%          3
 Inner Flame              Hex/Fire       80%          1%          3
 Lesser Beckoning         Tloc           26%          1%          3
 Mephitic Cloud           Conj/Pois/Air  58%          1%          3
 Portal Projectile        Hex/Tloc       94%          1%          3
 Static Discharge         Conj/Air       64%          1%          3
 Summon Guardian Golem    Hex/Summ       41%          1%          3
 Teleport Other           Tloc           52%          1%          3
 Tukima's Dance           Hex            41%          1%          3
 Fulminant Prism          Conj/Hex       32%          1%          4
 Iskenderun's Mystic Bla  Conj/Tloc      68%          1%          4
 Leda's Liquefaction      Hex/Erth       43%          1%          4
 Summon Ice Beast         Ice/Summ       86%          1%          4
 Alistair's Intoxication  Tmut/Pois      48%          1%          5
 Blade Hands              Tmut           47%          1%          5
 Fireball                 Conj/Fire      47%          1%          5
 Iskenderun's Battlesphe  Conj           80%          1%          5
 Lightning Bolt           Conj/Air       32%          1%          5
 Metabolic Englaciation   Hex/Ice        43%          1%          5
 Yara's Violent Unravell  Hex/Tmut       36%          1%          5
 Death Channel            Necr           52%          1%          6
 Freezing Cloud           Conj/Ice/Air   42%          1%          6
 Hydra Form               Tmut           47%          1%          6
 Starburst                Conj/Fire      47%          1%          6
 Statue Form              Tmut/Erth      69%          1%          6
 Dragon Form              Tmut           47%          1%          7
 Ozocubu's Refrigeration  Ice            56%          1%          7
 Borgnjor's Revivificati  Necr           52%          1%          8
 Infestation              Necr           52%          1%          8
 Passage of Golubria      Tloc           N/A          2%          4
 Lehudib's Crystal Spear  Conj/Erth      49%          3%          8
 Eringya's Noxious Bog    Tmut/Pois      36%          4%          6
 Airstrike                Air            20%          6%          4
 Cause Fear               Hex            20%          6%          4
 Olgreb's Toxic Radiance  Pois           41%          6%          4
 Summon Lightning Spire   Summ/Air       41%          6%          4
 Haunt                    Necr/Summ      40%          9%          7
 Orb of Destruction       Conj           40%          9%          7
 Summon Forest            Summ/Tloc      23%          11%         5
 Conjure Ball Lightning   Conj/Air       32%          12%         6
 Silence                  Hex/Air        20%          16%         5
 Summon Mana Viper        Hex/Summ       41%          16%         5
 Death's Door             Necr           52%          16%         9
 Spellforged Servitor     Conj/Summ      32%          54%         7
 Invisibility             Hex            41%          65%         6
 Shadow Creatures         Summ           N/A          65%         6
 Fire Storm               Conj/Fire      47%          77%         9
 Malign Gateway           Summ/Tloc      23%          97%         7
 Monstrous Menagerie      Summ           20%          99%         7
 Summon Hydra             Summ           20%          99%         7
 Chain Lightning          Conj/Air       32%          99%         8
 Discord                  Hex            20%          100%        8
 Summon Horrible Things   Summ           20%          100%        8
 Dragon's Call            Summ           20%          100%        9
 Tornado                  Air            20%          100%        9


Dungeon Overview and Level Annotations

Branches:
Dungeon (15/15)            Temple (1/1) D:4            Lair (6/6) D:9
 Shoals (4/4) Lair:4        Snake (4/4) Lair:2        Slime (5/5) Lair:6
    Orc (2/2) D:10            Elf (3/3) Orc:2        Vaults (5/5) D:14
  Crypt (3/3) Vaults:2       Tomb (3/3) Crypt:3      Depths (5/5) D:15
   Hell (visited)             Dis (7/7) Hell            Geh (7/7) Hell
    Coc (7/7) Hell            Tar (7/7) Hell            Zot (5/5) Depths:5
 Bailey (visited)          WizLab (visited)         Desolation (visited)
Gauntlet (visited)

Altars:
Ashenzari
Cheibriados
Dithmenos
Elyvilon
Fedhas
Gozag
Hepliaklqana
Kikubaaqudgha
Makhleb
Nemelex Xobeh
Okawaru
Qazlal
Ru
Sif Muna
Trog
Uskayaw
Vehumet
Wu Jian
Xom
Yredelemnul
Zin
The Shining One
Beogh
Lugonu

Shops:
D:9 :[   D:10 ?!}   D:11 *   D:12 (   D:15 *:   Orc:2 :[*?   Elf:2 [   Elf:3 =
Snake:3 =(?*   Vaults:1 ==(   Hell !?[=   Depths:2 [   Depths:5 **=*(:?

Portals:
Hell: Depths:1 Depths:2 Depths:3 Depths:4 Depths:5
Abyss: Depths:1 Depths:2 Depths:4
Pandemonium: Orc:2 Depths:3
Ziggurat: Depths:2

Annotations:
D:4 Pikel
D:7 2 runed translucent doors, hgbash's ghost, novice GrEE
Lair:2 1 runed translucent door
Shoals:2 Roxanne
Snake:1 2 transporters
Elf:3 3 runed translucent doors, Zekkers's ghost, veteran SpVM
Dis:7 Dispater
Tar:7 1 exclusion, Ereshkigal
Zot:3 3 runed translucent doors


Innate Abilities, Weirdness & Mutations

You have a pair of large horns on your head.
You are completely covered in large bone plates. (SH +8)
A powerful demonic guardian rushes to your aid.
You frequently emit foul miasma when damaged in melee.
Your magical and physical power is greatly enhanced at high health.
You can translocate small distances at will.
Armour fits poorly on your strangely shaped body.
You are dopey. (Int -2)
Your magical capacity is low. (-10% MP)
Your muscles are strong. (Str +2)


Message History

You emit a cloud of foul miasma!
The azure jelly hits you.
* * * LOW HITPOINT WARNING * * *
The azure jelly freezes you. You resist.
* * * LOW HITPOINT WARNING * * *
The azure jelly hits you but does no damage. x2
The acid blob hits you.
* * * LOW HITPOINT WARNING * * *
You are splashed with acid.
You resist.
* * * LOW HITPOINT WARNING * * *
A slime creature comes into view.
The azure jelly hits you.
* * * LOW HITPOINT WARNING * * *
The azure jelly freezes you. You resist.
* * * LOW HITPOINT WARNING * * *
The azure jelly hits you but does no damage.
The azure jelly hits you.
* * * LOW HITPOINT WARNING * * *
The azure jelly hits you!
You die...
Your body crumbles into a pile of gold.

.#.......
..G..............$......
................$......$
$
................G$$$$G..
.......G..J........G$G$$
...........GJ..G....JJ..
......1 #.......#.....$.
......G###J....###.....$
......J@#$......#..JJ...
......JJJJ..........J$..
▓▓▓▓▓▓.............▓▓▓▓▓
▓.............▓
▓.............▓
▓.............▓
▓.............▓
▓▓▓▓▓▓▓▓▓▓▓▓▓▓▓


You could see an acid blob, 2 azure jellies, a great orb of eyes (unaware), a
slime creature, a death ooze, a golden eye and a friendly Executioner (summoned,
fast).

Vanquished Creatures
  Cerebov (Pan)
  Antaeus (Coc:7)
  Asmodeus (Geh:7)
  the Royal Jelly (Slime:5)
  Gloorx Vloq (Pan)
  Lom Lobon (Pan)
  Mnoleg (Pan)
  7 dread liches
  Khufu (Tomb:3)
  The ghost of Ushret the Black Belt, a legendary GnFE of Okawaru (Zot:3)
  6 orbs of fire
  10 ancient liches
  5 juggernauts
  Sojobo (Tomb:1)
  30 royal mummies
  Boris (4 times) (Vaults:2 Vaults:3 Crypt:3 Tomb:1)
  Frederick (Vaults:4)
  Bai Suzhen (Snake:4)
  27 shard shrikes
  Margery (Crypt:3)
  Saint Roka (Orc:2)
  3 caustic shrikes (Zig:12)
  6 Killer Klowns
  Geryon (Hell)
  5 pandemonium lords
  10 bone dragons
  9 golden dragons
  A profane servitor (Zig:19)
  A pearl dragon (Pan)
  30 Tzitzimimeh
  5 doom hounds
  36 Brimstone Fiends
  A shard shrike zombie (Crypt:2)
  15 tentacled monstrosities
  4 electric golems
  An iron giant (Zig:12)
  25 Ice Fiends
  4 Hell Sentinels
  25 Orb Guardians (Zot:5)
  30 liches
  2 deep elf master archers (Elf:3)
  Asterion (Snake:4)
  11 titans
  5 quicksilver dragons
  3 deep elf blademasters
  An eldritch tentacle (WizLab)
  13 sphinxes
  21 Executioners
  30 acid blobs
  13 death cobs
  5 shadow dragons
  16 tentacled starspawn
  Frances (Shoals:2)
  14 ancient champions
  10 tengu reavers
  5 revenants
  22 storm dragons
  15 azure jellies
  A warmonger (Pan)
  11 nagarajas
  Donald (Crypt:2)
  9 draconian monks
  8 iron dragons
  A fenstrider witch (shapeshifter) (Depths:1)
  8 fire giants
  5 imperial myrmidons (Desolation)
  15 vault wardens
  6 cacodemons
  6 deep elf sorcerers
  7 draconian knights
  3 ghost moths
  2 daevas (Pan)
  11 frost giants
  5 orc warlords
  9 draconian shifters
  2 black suns (Pan)
  2 ghouls
  12 draconian scorchers
  10 curse skulls
  35 balrugs
  A juggernaut zombie (Zig:17)
  62 reapers
  Louise (Snake:2)
  2 spriggan defenders (Depths:3)
  An emperor scorpion (Zig:13)
  6 deep elf elementalists
  5 elemental wellsprings
  9 draconian annihilators
  A blood saint (Pan)
  24 ironheart preservers
  2 ophanim (Pan)
  22 very ugly things
  A juggernaut skeleton (Crypt:3)
  A stone giant (shapeshifter) (Vaults:5)
  9 draconian stormcallers
  12 war gargoyles
  7 apis (Pan)
  22 stone giants
  12 vampire knights
  6 bennus
  18 green draconians
  12 deep elf demonologists
  17 white draconians
  Azrael (D:12)
  12 black draconians
  2 bunyips (Zig:7)
  19 yellow draconians
  4 lorocyprocas
  A minotaur (Gauntlet)
  9 deep elf annihilators
  A halazid warlock (Desolation)
  12 purple draconians
  23 red draconians
  21 blizzard demons
  9 spark wasps
  14 death oozes
  5 entropy weavers
  6 green deaths (Pan)
  9 eidola
  18 deep elf death magi
  4 crystal guardians
  4 merfolk javelineers
  7 quicksilver dragon zombies
  24 mummy priests
  23 ettins
  Snorg (D:12)
  9 fire dragons
  9 merfolk impalers
  8 jiangshi
  5 deep elf high priests
  15 yaktaur captains
  A shambling mangrove (Zig:7)
  2 spectral krakens (Tar:7)
  Josephine (D:15)
  2 kraken zombies
  21 great orbs of eyes
  Harold (D:10)
  9 quicksilver dragon skeletons
  10 ragged hierophants (Desolation)
  33 vault guards
  14 boulder beetles
  7 rakshasas
  13 ice dragons
  8 hydras
  2 alligator snapping turtles
  5 catoblepae
  7 servants of whispers (Desolation)
  10 naga warriors
  5 merfolk avatars
  A hell beast (Pan)
  6 death knights
  19 ogre magi
  6 peacekeepers (Desolation)
  5 ghost crabs
  9 centaur warriors
  10 deep troll shamans
  51 two-headed ogres
  10 anacondas
  4 spriggan air magi
  2 two-headed ogres (shapeshifter)
  4 merfolk aquamancers
  8 tengu warriors
  4 satyrs
  3 death yaks (Lair:6)
  20 death scarabs
  7 deep troll earth magi
  36 hell hogs
  9 orc high priests
  6 vampire magi
  12 shock serpents
  66 hell knights
  30 soul eaters
  8 spriggan berserkers
  A shock serpent (shapeshifter) (Depths:4)
  5 naga sharpshooters
  6 thrashing horrors
  11 titan zombies
  53 sun demons
  6 titan skeletons
  23 iron trolls
  7 spriggans
  24 deep elf knights
  10 wretched stars
  8 storm dragon zombies
  107 skeletal warriors
  11 shadow wraiths
  8 storm dragon skeletons
  3 iron golems
  2 salamander mystics (Snake:3)
  A goliath frog (Zig:7)
  8 golden dragon zombies
  5 spark wasp zombies
  3 cherubim (Pan)
  8 sixfirhies
  2 quicksilver dragon simulacra
  An unseen horror (Abyss:1)
  11 glowing orange brains
  12 shadow demons
  5 torturous demonspawn
  4 death drakes
  30 deep trolls
  4 obsidian statues
  2 gelid demonspawn
  16 flayed ghosts
  17 sea snakes
  A bog body (Crypt:2)
  3 infernal demonspawn (Pan)
  An orange crystal statue (Zot:5)
  6 golden dragon skeletons
  22 phantasmal warriors
  12 anaconda zombies
  4 naga ritualists
  7 wizards
  5 ghost moth zombies
  24 deep elf archers
  2 swamp dragons (Zig:7)
  9 wolf spider zombies
  28 deep elf zephyrmancers
  24 ironbrand convokers
  14 harpies
  2 sphinx zombies (Zig:17)
  29 necromancers
  29 deep elf pyromancers
  7 wolf spiders
  59 ugly things
  5 shining eyes
  14 anaconda skeletons
  A faun (shapeshifter) (Vaults:3)
  19 mana vipers
  17 orc knights
  2 oklob plants
  4 orb spiders
  12 shadow dragon zombies
  3 human zombies
  5 salamanders
  20 fauns
  2 shining eyes (shapeshifter)
  7 iron dragon zombies
  6 shadow dragon skeletons
  18 orc sorcerers
  12 manticores
  10 fire giant zombies
  9 stone giant zombies
  12 frost giant zombies
  A manticore (shapeshifter) (Depths:2)
  A will-o-the-wisp (Abyss:2)
  31 moths of wrath
  A moth of wrath (shapeshifter) (Vaults:3)
  7 shock serpent zombies
  37 black mambas
  12 elephants
  9 merfolk sirens
  2 worldbinders
  9 fire giant skeletons
  A salamander (shapeshifter) (Depths:3)
  9 cyclopes
  7 ice statues
  7 frost giant skeletons
  33 rust devils
  An eye of devastation (shapeshifter) (Vaults:5)
  10 guardian serpents
  An iron dragon skeleton (Geh:7)
  11 molten gargoyles
  7 stone giant skeletons
  6 dire elephant zombies
  11 naga magi
  An elephant slug zombie (Crypt:2)
  3 water nymphs
  2 shock serpent skeletons
  30 smoke demons
  22 orange demons
  Maurice (D:10)
  12 cane toads
  3 apocalypse crabs
  A storm dragon simulacrum (Vaults:5)
  2 emperor scorpion zombies
  3 rime drakes
  2 eyes of devastation
  5 gargoyles
  A cane toad (shapeshifter) (Vaults:3)
  2 torpor snails (Zig:12)
  5 spectral swamp worms (Tar:7)
  3 dire elephant skeletons
  A komodo dragon (shapeshifter) (Elf:3)
  12 vault sentinels
  66 hellions
  11 komodo dragons
  48 tormentors
  4 elf zombies
  A green draconian zombie (Crypt:2)
  10 demonic crawlers
  3 kobold demonologists
  5 tengu conjurers
  12 efreet
  A red draconian skeleton (Geh:3)
  46 ice devils
  6 spriggan zombies
  32 yaktaurs
  A queen ant zombie (Crypt:1)
  9 catoblepas skeletons
  20 hydra zombies
  51 freezing wraiths
  3 silent spectres
  A purple draconian skeleton (Crypt:1)
  A green draconian skeleton (Geh:2)
  55 guardian mummies
  2 anaconda simulacra
  10 ancient zymes
  3 yaktaur skeletons
  A golden dragon simulacrum (Coc:7)
  6 meliai
  12 hellwings
  8 jumping spiders
  4 harpy zombies
  2 tengu simulacra
  24 merfolk
  19 hornets
  2 meliai (shapeshifter)
  2 queen bees
  63 red devils
  6 polar bears
  A shadow dragon simulacrum (Coc:3)
  16 trolls
  5 tyrant leeches
  A wolf spider simulacrum (Hell)
  A minotaur skeleton (Tar:7)
  2 wind drakes (shapeshifter)
  60 saltlings (Desolation)
  13 hydra skeletons
  11 blink frogs
  10 ettin zombies
  3 harpy skeletons
  6 wind drakes
  A human simulacrum (Vaults:5)
  92 slime creatures
  8 ice dragon zombies
  A stone giant simulacrum (Coc:4)
  3 dream sheep (Shoals:3)
  8 alligator zombies
  6 raiju
  A fire giant simulacrum (Coc:1)
  5 snapping turtles
  A slime creature (shapeshifter) (Depths:3)
  5 fire dragon zombies
  3 black mamba zombies
  10 fire dragon skeletons
  10 ice dragon skeletons
  246 flying skulls
  3 alligator skeletons
  10 ettin skeletons
  A dire elephant simulacrum (Coc:7)
  Sigmund (D:4)
  12 redbacks
  A redback (shapeshifter) (Vaults:5)
  39 shadows
  5 tarantellas (Zig:13)
  5 air elementals
  3 black mamba skeletons
  35 water elementals
  A human (shapeshifter) (Vaults:1)
  2 tarantellas (shapeshifter)
  11 wyverns
  15 ynoxinuls
  18 fire bats
  A vampire (Abyss:1)
  A wyvern (shapeshifter) (D:15)
  39 wraiths
  A golden eye (shapeshifter) (Vaults:3)
  62 yaks
  18 ushabtiu
  5 basilisks
  38 fire elementals
  6 golden eyes
  3 steam dragons
  9 chaos spawn
  4 vampire mosquitoes (D:13)
  2 spatial vortices (WizLab)
  45 large abominations
  8 neqoxecs
  45 nagas
  A soldier ant (D:14)
  2 swamp worms (Lair:1)
  2 deep troll zombies
  8 wargs
  95 hell hounds
  A hydra simulacrum (Hell)
  A merfolk zombie (Coc:3)
  5 acid dragons
  An acid dragon (shapeshifter) (Depths:5)
  A gelid demonspawn skeleton (WizLab)
  8 cane toad zombies
  20 water moccasins
  A merfolk skeleton (Tar:5)
  A torturous demonspawn skeleton (Crypt:1)
  A monstrous demonspawn skeleton (WizLab)
  2 floating eyes
  A faun skeleton (Crypt:2)
  67 orc warriors
  An ettin simulacrum (Coc:1)
  A hornet zombie (D:13)
  12 ice beasts
  6 sky beasts
  4 black bears
  8 phantoms
  10 cane toad skeletons
  7 snapping turtle zombies
  A fire dragon simulacrum (Coc:5)
  56 ogres
  17 eyes of draining
  44 necrophages
  7 swamp dragon zombies
  A tengu (shapeshifter) (Depths:4)
  An alligator simulacrum (Coc:7)
  19 centaurs
  An eye of draining (shapeshifter) (Vaults:2)
  8 manticore skeletons
  2 manticore zombies
  15 wolves
  13 boggarts
  A human skeleton (Vaults:1)
  A hog zombie (Crypt:1)
  3 swamp dragon skeletons
  3 snapping turtle skeletons
  A blink frog skeleton (Crypt:3)
  2 lemures
  A rime drake zombie (Crypt:1)
  A big kobold (D:10)
  A big kobold (shapeshifter) (Depths:3)
  A gnoll sergeant (Zig:15)
  16 bullfrogs
  A wyvern zombie (Crypt:3)
  A yaktaur zombie (Vaults:1)
  An ogre simulacrum (Vaults:1)
  2 elf skeletons
  A deep troll simulacrum (Vaults:3)
  A water moccasin zombie (D:7)
  A cane toad simulacrum (Coc:2)
  11 earth elementals
  8 scorpions
  A cyclops skeleton (Crypt:1)
  A water moccasin skeleton (D:12)
  2 spriggan skeletons
  128 wights
  55 killer bees
  A killer bee (shapeshifter) (Vaults:2)
  A polar bear skeleton (Crypt:1)
  7 electric eels
  2 troll skeletons
  A howler monkey (D:6)
  6 crimson imps
  4 bullfrog zombies
  29 starcursed masses
  10 hounds
  4 quasits
  2 centaur zombies
  16 iron imps
  2 bullfrog skeletons (D:10)
  5 jellies
  Crazy Yiuf (D:4)
  33 orc priests
  A basilisk skeleton (Crypt:2)
  5 centaur skeletons
  2 gnoll shamans
  6 iguanas
  17 orc wizards
  12 small abominations
  11 worker ants
  9 hell rats (Lair:3)
  3 tengu zombies
  An ogre zombie (Geh:3)
  2 naga zombies
  A big kobold skeleton (Crypt:1)
  A naga skeleton (Tar:4)
  2 hound skeletons
  47 mummies
  A howler monkey skeleton (D:7)
  2 worker ant zombies
  14 adders
  13 gnolls
  10 shadow imps
  34 white imps
  8 ufetubi
  2 oozes
  An adder zombie (D:9)
  3 adder skeletons
  An iguana skeleton (Crypt:2)
  A worm (D:2)
  A barachi skeleton (Crypt:3)
  3 dart slugs
  9 leopard geckos
  100 orcs
  9 bats
  8 giant cockroaches
  8 hobgoblins
  3 jackals (D:4)
  34 kobolds
  6 quokkas
  7 ball pythons
  A frilled lizard (D:1)
  A frilled lizard zombie (Crypt:1)
  8 goblins
  A hobgoblin zombie (Crypt:3)
  A kobold skeleton (Geh:3)
  A leopard gecko zombie (D:7)
  An orc skeleton (Coc:3)
  2 quokka skeletons
  10 rats
  A river rat zombie (Crypt:1)
  A ball lightning (Pan)
  2 lurking horrors
  11 starspawn tentacles
  10 tentacles
5690 creatures vanquished.

Vanquished Creatures (collateral kills)
  An ancient lich (Vaults:4)
  Nikola (Shoals:1)
  3 bone dragons
  A Tzitzimitl (Tar:4)
  2 tentacled monstrosities (Vaults:5)
  3 acid blobs
  A quicksilver dragon (Zot:5)
  2 shadow dragons
  2 storm dragons
  A nagaraja (Snake:4)
  An iron dragon (Depths:4)
  A blood saint (Pan)
  2 frost giants (Vaults:5)
  A deep elf sorcerer (Elf:3)
  2 balrugs
  Aizul (Snake:2)
  A ghoul (Crypt:2)
  2 stone giants
  3 reapers
  A vampire knight (Tar:4)
  A dire elephant (Lair:6)
  A yellow draconian (Zot:1)
  An ettin (Zot:3)
  2 deep elf high priests (Vaults:5)
  A great orb of eyes (Slime:5)
  A jiangshi (Crypt:1)
  An ice dragon (Coc:7)
  A peacekeeper (Desolation)
  A ragged hierophant (Desolation)
  A hydra (Lair:5)
  A boulder beetle (Vaults:5)
  2 dancing weapons
  A two-headed ogre (Depths:1)
  A hell hog (Geh:5)
  A vampire mage (Crypt:2)
  A hell knight (Geh:3)
  2 iron trolls
  4 sun demons
  A storm dragon skeleton (Coc:5)
  A deep troll (Depths:1)
  A skeletal warrior (Tar:7)
  An anaconda zombie (Coc:5)
  A golden dragon zombie (Coc:7)
  2 deep elf archers (Elf:3)
  A tengu zombie (Zig:17)
  A phantasmal warrior (Tar:4)
  A deep elf pyromancer (Elf:1)
  A wolf spider zombie (Dis:1)
  A deep elf zephyrmancer (Elf:3)
  A cyclops (Orc:1)
  A frost giant zombie (Dis:1)
  A stone giant zombie (Coc:7)
  A dire elephant zombie (Tar:3)
  An iron dragon skeleton (Coc:2)
  A stone giant skeleton (Crypt:1)
  A naga mage (Snake:3)
  An orange demon (Pan)
  4 red devils
  An ice devil (Coc:7)
  A troll (shapeshifter) (D:15)
  2 trolls (Zot:3)
  A hydra skeleton (Tar:7)
  A blink frog (Lair:5)
  An ettin zombie (Depths:1)
  3 slime creatures
  A snapping turtle (Shoals:4)
  A shadow (Dis:1)
  3 flying skulls
  A vampire (Abyss:1)
  A wraith (Tar:3)
  A naga (Lair:2)
  A necrophage (Crypt:3)
  An ice dragon simulacrum (Coc:4)
  A killer bee (Lair:5)
  5 wights
  An electric eel (D:10)
  A small abomination (Abyss:1)
  A mummy (Tomb:1)
  A white imp (Coc:7)
110 creatures vanquished.

Vanquished Creatures (others)
  2 eldritch tentacles (Pan)
  A balrug (Geh:7)
  An ironheart preserver (Vaults:1)
  A quicksilver dragon skeleton (Geh:4)
  27 dancing weapons
  A hell hog (Geh:4)
  A soul eater (Pan)
  An infernal demonspawn (Pan)
  2 deep elf pyromancers
  A manticore (Shoals:1)
  A moth of wrath (Zot:5)
  A fire dragon skeleton (Geh:7)
  2 flying skulls
  A water elemental (Shoals:2)
  A fire bat (Geh:2)
  A spatial vortex (WizLab)
  A human (D:10)
  2 killer bees (Lair:5)
  An orc (D:10)
  An orc skeleton (Geh:6)
  15 ball lightnings (Pan)
  2 bushes (D:15)
  44 fungi
  11 pillars of salt (Elf:2)
  140 plants
  14 starspawn tentacles
  6 tentacles
  5 toadstools (Lair:2)
287 creatures vanquished.

Grand Total: 6087 creatures vanquished

Notes
Turn   | Place    | Note
-------+----------+-------------------------------------------
     0 | D:1      | gimp the Demonspawn Earth Elementalist began the quest for
                  | the Orb.
     0 | D:1      | Reached XP level 1. HP: 13/13 MP: 3/3
   136 | D:1      | Gained mutation: A weak demonic guardian rushes to your
                  | aid. [demonic ancestry]
   136 | D:1      | Reached XP level 2. HP: 13/19 MP: 0/5
   654 | D:1      | Reached XP level 3. HP: 22/24 MP: 1/6
   750 | D:1      | Learned a level 3 spell: Stone Arrow
  1426 | D:2      | Found an iron altar of Okawaru.
  1447 | D:2      | Reached skill level 1 in Conjurations
  1562 | D:2      | Found a burning altar of Makhleb.
  1566 | D:2      | Reached XP level 4. HP: 30/30 MP: 4/7
  1616 | D:2      | Reached skill level 1 in Short Blades
  2039 | D:2      | Found a sacrificial altar of Ru.
  2210 | D:2      | Found a bloodstained altar of Trog.
  2339 | D:3      | Gained mutation: You have a pair of small horns on your
                  | head. [demonic ancestry]
  2339 | D:3      | Reached XP level 5. HP: 35/35 MP: 8/8
  2384 | D:3      | Learned a level 4 spell: Petrify
  2594 | D:3      | Found a shadowy altar of Dithmenos.
  3048 | D:4      | Noticed a necrophage
  3062 | D:4      | Killed a necrophage
  3063 | D:4      | Reached skill level 5 in Earth Magic
  3063 | D:4      | Gained mutation: You may rarely emit foul miasma when
                  | damaged in melee. [demonic ancestry]
  3063 | D:4      | Reached XP level 6. HP: 37/41 MP: 9/9
  3251 | D:4      | Noticed Sigmund
  3254 | D:4      | Found a staircase to the Ecumenical Temple.
  3262 | D:4      | Killed Sigmund
  3263 | D:4      | Gained mutation: You have a pair of horns on your head.
                  | [demonic ancestry]
  3263 | D:4      | Reached XP level 7. HP: 28/46 MP: 10/10
  3284 | Temple   | Entered the Ecumenical Temple
  3486 | Temple   | Became a worshipper of Gozag Ym Sagoz the Greedy
  3662 | D:4      | Found a runed translucent door.
  3663 | D:4      | Noticed Crazy Yiuf
  3670 | D:4      | Killed Crazy Yiuf
  3899 | D:4      | Noticed Pikel
  4358 | D:5      | Entered Level 5 of the Dungeon
  4601 | D:5      | Reached skill level 5 in Short Blades
  4742 | D:5      | Found a stormy altar of Qazlal.
  4829 | D:5      | Reached skill level 1 in Transmutations
  4847 | D:5      | Reached XP level 8. HP: 52/52 MP: 7/11
  5261 | D:5      | Found a bloodstained altar of Trog.
  6818 | D:6      | Found a hide-covered altar of Uskayaw.
  7098 | D:6      | Found an ornate altar of the Wu Jian Council.
  7389 | D:7      | Gained mutation: You have a pair of large horns on your
                  | head. [demonic ancestry]
  7389 | D:7      | Reached XP level 9. HP: 53/57 MP: 6/16
  7661 | D:7      | Reached skill level 5 in Spellcasting
  7992 | D:7      | Found a large runed translucent door.
  7993 | D:7      | Found a large runed translucent door.
  7994 | D:7      | Noticed hgbash's ghost (novice GrEE)
  8995 | D:8      | Learned a level 1 spell: Apportation
  8998 | D:8      | Learned a level 2 spell: Passwall
  9004 | D:8      | Learned a level 5 spell: Lee's Rapid Deconstruction
  9242 | D:8      | Noticed a two-headed ogre
  9287 | D:8      | Killed a two-headed ogre
  9323 | D:8      | Got an ancient rapier
  9338 | D:8      | Identified the cursed +2 rapier "Wamnoeg" {vorpal, Will+
                  | Dex+4} (You found it on level 8 of the Dungeon)
  9348 | D:8      | Found a flagged portal.
  9458 | Bailey   | Entered a bailey
  9463 | Bailey   | Noticed an orc warlord
  9846 | Bailey   | Found a runed translucent gate.
  9847 | Bailey   | Found a runed translucent gate.
  9849 | Bailey   | Found a runed translucent gate.
  9863 | Bailey   | Gained mutation: You sometimes emit foul miasma when
                  | damaged in melee. [demonic ancestry]
  9863 | Bailey   | Reached XP level 10. HP: 63/63 MP: 17/19
 10246 | Bailey   | Killed an orc warlord
 10247 | Bailey   | Reached skill level 5 in Transmutations
 10401 | Bailey   | Identified a scroll of acquirement
 10401 | Bailey   | Acquired 833 gold pieces
 10409 | Bailey   | Reached skill level 3 in Fighting
 10409 | Bailey   | Gained mutation: You are partially covered in large bone
                  | plates. (SH +4) [demonic ancestry]
 10409 | Bailey   | Reached XP level 11. HP: 75/75 MP: 23/23
 10745 | D:8      | Reached skill level 1 in Shields
 11074 | D:9      | Identified the +3 hand axe of Jymasoch {flame, Str+4} (You
                  | found it on level 9 of the Dungeon)
 11202 | D:9      | Found Ceta's Armour Boutique.
 11210 | D:9      | Bought a +0 buckler of positive energy for 110 gold pieces
 11288 | D:9      | Bought a book of Spatial Translocations for 780 gold pieces
 11292 | D:9      | Learned a level 2 spell: Blink
 11602 | D:9      | Found a staircase to the Lair.
 11614 | D:9      | Got a twisted scale mail
 11628 | D:9      | Identified the +6 scale mail of the Volcano {Will+ Str-3
                  | Int+2} (You found it on level 9 of the Dungeon)
 11713 | D:9      | Noticed a tengu warrior
 11728 | D:9      | Noticed a purple ugly thing
 11737 | D:9      | Killed a tengu warrior
 11742 | D:9      | Killed a purple ugly thing
 12208 | D:9      | Noticed a centaur warrior
 12211 | D:9      | Killed a centaur warrior
 12212 | D:9      | Reached skill level 1 in Translocations
 12775 | D:10     | Entered Level 10 of the Dungeon
 13061 | D:10     | Gained mutation: A demonic guardian rushes to your aid.
                  | [demonic ancestry]
 13061 | D:10     | Reached XP level 12. HP: 66/81 MP: 1/25
 13416 | D:10     | Noticed Maurice
 13439 | D:10     | Killed Maurice
 13488 | D:10     | Noticed Harold
 13506 | D:10     | Killed Harold
 13691 | D:10     | Found an ancient bone altar of Kikubaaqudgha.
 14224 | D:10     | Found Measan's Magic Scroll Emporium.
 14279 | D:10     | Bought a scroll of enchant weapon for 82 gold pieces
 14279 | D:10     | Bought a scroll of blinking for 82 gold pieces
 14279 | D:10     | Bought a scroll of teleportation for 33 gold pieces
 14279 | D:10     | Bought a scroll of teleportation for 33 gold pieces
 14279 | D:10     | Bought 2 scrolls of identify for 44 gold pieces
 14327 | D:10     | Found Cenne's Gadget Shop.
 14330 | D:10     | Bought a condenser vane for 480 gold pieces
 14330 | D:10     | Bought a box of beasts for 480 gold pieces
 14628 | D:10     | Found Litois Buu's Distillery.
 14631 | D:10     | Bought a potion of haste for 140 gold pieces
 14631 | D:10     | Bought a potion of degeneration for 14 gold pieces
 14692 | D:10     | Found a staircase to the Orcish Mines.
 14824 | Lair:1   | Entered Level 1 of the Lair of Beasts
 15401 | Lair:1   | Reached skill level 10 in Earth Magic
 15651 | Lair:1   | Learned a level 5 spell: Borgnjor's Vile Clutch
 16054 | Lair:2   | Found a staircase to the Snake Pit.
 16060 | Lair:2   | Reached skill level 1 in Necromancy
 16557 | Lair:2   | Noticed a boulder beetle
 16583 | Lair:2   | Killed a boulder beetle
 16584 | Lair:2   | Reached skill level 10 in Short Blades
 16609 | Lair:2   | Noticed a four-headed hydra
 16620 | Lair:2   | Killed a four-headed hydra
 16621 | Lair:2   | Reached skill level 5 in Necromancy
 16945 | Lair:2   | Noticed a dire elephant
 16967 | Lair:2   | Found a runed translucent door.
 17345 | Lair:2   | Found a blossoming altar of Fedhas.
 18679 | Lair:3   | Gained mutation: You are mostly covered in large bone
                  | plates. (SH +6) [demonic ancestry]
 18679 | Lair:3   | Reached XP level 13. HP: 63/86 MP: 13/26
 19421 | Lair:3   | Reached skill level 5 in Dodging
 21120 | Lair:3   | Reached skill level 4 in Fighting
 22051 | Lair:4   | Found a staircase to the Shoals.
 22691 | Lair:4   | Identified the +3 leather armour of Infinity {rN+ Str+3
                  | Stlth+} (You found it on level 4 of the Lair of Beasts)
 22834 | Lair:4   | Learned a level 5 spell: Bolt of Magma
 22914 | Lair:4   | Reached skill level 5 in Fighting
 23445 | Lair:5   | Reached skill level 1 in Fire Magic
 24644 | Lair:5   | Reached skill level 5 in Stealth
 25182 | Lair:5   | Reached XP level 14. HP: 94/98 MP: 17/27
 26714 | Lair:5   | Identified the +3 rapier "Witoasoa" {venom, Int+3 Dex+2
                  | SInv} (You found it on level 5 of the Lair of Beasts)
 27122 | Lair:6   | Entered Level 6 of the Lair of Beasts
 28375 | Lair:6   | Found a staircase to the Slime Pits.
 29770 | Orc:1    | Entered Level 1 of the Orcish Mines
 29770 | Orc:1    | Found a roughly hewn altar of Beogh.
 30323 | Orc:2    | Entered Level 2 of the Orcish Mines
 30715 | Orc:2    | Found Copuxtia's Magic Scroll Emporium.
 30720 | Orc:2    | Found Geywur's General Store.
 31222 | Orc:2    | Bought a scroll of enchant armour for 105 gold pieces
 31222 | Orc:2    | Bought a scroll of teleportation for 42 gold pieces
 31222 | Orc:2    | Bought a scroll of enchant armour for 105 gold pieces
 31222 | Orc:2    | Bought a scroll of fog for 28 gold pieces
 31222 | Orc:2    | Bought a scroll of enchant armour for 105 gold pieces
 31222 | Orc:2    | Bought a scroll of teleportation for 42 gold pieces
 31222 | Orc:2    | Bought a scroll of amnesia for 49 gold pieces
 31222 | Orc:2    | Bought a scroll of identify for 28 gold pieces
 31224 | Orc:2    | Bought a scroll of enchant armour for 97 gold pieces
 31224 | Orc:2    | Bought a potion of curing for 39 gold pieces
 31224 | Orc:2    | Bought a scroll of fear for 45 gold pieces
 31896 | Orc:2    | Reached skill level 5 in Fire Magic
 32011 | Orc:2    | Noticed Saint Roka
 32191 | Orc:2    | Killed Saint Roka
 32518 | Orc:2    | Found a staircase to the Elven Halls.
 32727 | Orc:2    | Reached XP level 15. HP: 90/103 MP: 4/28
 34298 | Orc:2    | Found Surghuim's Antique Armour Boutique.
 34298 | Orc:2    | Found a one-way gate leading to the halls of Pandemonium.
 34298 | Orc:2    | Found Yxzavean's Book Shop.
 34301 | Orc:2    | Bought a pair of glowing boots for 255 gold pieces
 34312 | Orc:2    | Identified a +1 pair of boots of running (You bought it in
                  | a shop on level 2 of the Orcish Mines)
 34314 | Orc:2    | Bought an embroidered scarf for 272 gold pieces
 34339 | Orc:2    | Bought a book of Alchemy for 900 gold pieces
 34346 | Orc:2    | Learned a level 5 spell: Irradiate
 34994 | D:11     | Found Fezosy's Assorted Antiques.
 35008 | D:11     | Bought a scroll labelled OTILUE INENE for 28 gold pieces
 35008 | D:11     | Bought a scroll of identify for 56 gold pieces
 35008 | D:11     | Bought a shiny silver wand for 112 gold pieces
 35008 | D:11     | Bought an embroidered scarf for 224 gold pieces
 36461 | D:12     | Noticed Snorg
 36470 | D:12     | Killed Snorg
 36608 | D:12     | Found a runed translucent door.
 36896 | D:12     | Reached skill level 10 in Conjurations
 37047 | D:12     | Noticed Azrael
 37056 | D:12     | Killed Azrael
 37311 | D:12     | Found Elujezurch's Antique Weapon Boutique.
 37319 | D:12     | Bought a twisted dagger for 231 gold pieces
 37320 | D:12     | Identified the +4 dagger of the Toadstool {venom, *Drain
                  | +Inv rPois rN+} (You bought it in a shop on level 12 of the
                  | Dungeon)
 39341 | D:14     | Found a gate leading to a gauntlet.
 39425 | Gauntlet | Entered a Gauntlet
 39425 | Gauntlet | Found a transporter.
 39425 | Gauntlet | Found a transporter.
 39425 | Gauntlet | Found a transporter.
 39425 | Gauntlet | Found a transporter.
 39488 | Gauntlet | Found a transporter.
 39488 | Gauntlet | Found a transporter.
 39490 | Gauntlet | Found a large runed translucent door.
 39491 | Gauntlet | Found a large runed translucent door.
 39492 | Gauntlet | Found a large runed translucent door.
 39492 | Gauntlet | Found a large runed translucent door.
 39492 | Gauntlet | Found a runed translucent door.
 39493 | Gauntlet | Found a large runed translucent door.
 39494 | Gauntlet | Found a large runed translucent door.
 39495 | Gauntlet | Found a large runed translucent door.
 39495 | Gauntlet | Found a large runed translucent door.
 39496 | Gauntlet | Found a runed translucent gate.
 39502 | Gauntlet | Found a transporter.
 39517 | Gauntlet | Found a transporter.
 39540 | Gauntlet | Found a transporter.
 39604 | Gauntlet | Found a large runed translucent door.
 39605 | Gauntlet | Found a large runed translucent door.
 39606 | Gauntlet | Found a large runed translucent door.
 39606 | Gauntlet | Found a large runed translucent door.
 39606 | Gauntlet | Found a runed translucent door.
 39607 | Gauntlet | Found a large runed translucent door.
 39608 | Gauntlet | Found a large runed translucent door.
 39609 | Gauntlet | Found a large runed translucent door.
 39609 | Gauntlet | Found a large runed translucent door.
 39610 | Gauntlet | Found a runed translucent gate.
 39610 | Gauntlet | Found a runed translucent gate.
 39612 | Gauntlet | Found a transporter.
 39616 | Gauntlet | Found a transporter.
 39626 | Gauntlet | Found a transporter.
 39681 | Gauntlet | Reached skill level 10 in Stealth
 39846 | Gauntlet | Gained mutation: You are completely covered in large bone
                  | plates. (SH +8) [demonic ancestry]
 39846 | Gauntlet | Reached XP level 16. HP: 109/109 MP: 25/29
 39875 | Gauntlet | Got a pair of ichor-stained boots
 39886 | Gauntlet | Identified the +1 pair of boots of the Abyss {Harm Regen+}
                  | (You found it in a Gauntlet)
 40774 | D:14     | Reached skill level 10 in Dodging
 40961 | D:14     | Found a gate to the Vaults.
 41374 | D:15     | Entered Level 15 of the Dungeon
 41382 | D:15     | Found Urphan's General Store.
 41421 | D:15     | Bought a potion of heal wounds for 80 gold pieces
 41425 | D:15     | Bought a scroll of identify for 32 gold pieces
 42387 | D:15     | Reached skill level 1 in Evocations
 42475 | D:15     | Noticed Josephine
 42483 | D:15     | Killed Josephine
 43014 | D:15     | Found a staircase to the Depths.
 43311 | Snake:1  | Entered Level 1 of the Snake Pit
 43477 | Snake:1  | Found a transporter.
 45130 | Snake:1  | Found a transporter.
 45612 | Snake:2  | Noticed Aizul
 45828 | Snake:2  | Killed Aizul
 46105 | Snake:2  | Noticed Louise
 46122 | Snake:2  | Killed Louise
 46162 | Snake:2  | Reached skill level 10 in Spellcasting
 46840 | Snake:3  | Reached skill level 5 in Evocations
 46961 | Snake:3  | Found Elog's Jewellery Boutique.
 46964 | Snake:3  | Found Moihoapt's Magic Scroll Shop.
 46964 | Snake:3  | Found Becwu's Weapon Boutique.
 46971 | Snake:3  | Found Edah Vuz's General Store.
 47050 | Snake:3  | Reached XP level 17. HP: 95/115 MP: 4/31
 47256 | Snake:3  | Bought a scroll of teleportation for 48 gold pieces
 47256 | Snake:3  | Bought a scroll of enchant armour for 120 gold pieces
 47256 | Snake:3  | Bought a scroll of identify for 32 gold pieces
 47259 | Snake:3  | Bought a scroll of blinking for 120 gold pieces
 47259 | Snake:3  | Bought a scroll of teleportation for 48 gold pieces
 47259 | Snake:3  | Bought a scroll of enchant armour for 120 gold pieces
 47259 | Snake:3  | Bought a scroll of acquirement for 832 gold pieces
 47259 | Snake:3  | Bought a scroll of enchant armour for 120 gold pieces
 47259 | Snake:3  | Bought a scroll of identify for 32 gold pieces
 47259 | Snake:3  | Bought a scroll of identify for 32 gold pieces
 47259 | Snake:3  | Bought a scroll of identify for 32 gold pieces
 47260 | Snake:3  | Acquired 501 gold pieces
 48948 | Snake:4  | Entered Level 4 of the Snake Pit
 49390 | Snake:4  | Noticed Bai Suzhen
 49391 | Snake:4  | Noticed Asterion
 49412 | Snake:4  | Reached skill level 6 in Fighting
 49421 | Snake:4  | Killed Bai Suzhen
 50146 | Snake:4  | Reached skill level 7 in Fighting
 50618 | Snake:4  | Killed Asterion
 51699 | Snake:4  | Reached skill level 5 in Shields
 52590 | Snake:4  | Reached XP level 18. HP: 124/127 MP: 21/33
 52830 | Snake:4  | Got a serpentine rune of Zot
 53082 | Shoals:1 | Entered Level 1 of the Shoals
 53902 | Shoals:1 | Noticed Nikola
 53929 | Shoals:1 | Killed Nikola
 54573 | Shoals:2 | Found the +10 Black Knight's barding {ponderous, rPois rN+}
 54587 | Shoals:2 | Noticed Frances
 54610 | Shoals:2 | Killed Frances
 55111 | Shoals:2 | Noticed Roxanne
 56899 | Shoals:3 | Learned a level 5 spell: Fireball
 56914 | Shoals:4 | Entered Level 4 of the Shoals
 57157 | Shoals:4 | Reached skill level 10 in Evocations
 57206 | Shoals:4 | Got a barnacled rune of Zot
 59094 | Shoals:4 | Identified the Grimoire of the Nocuous Volcanoes
 59430 | Vaults:1 | Entered Level 1 of the Vaults
 59528 | Vaults:1 | Gained mutation: Your magical and physical power is
                  | slightly enhanced at high health. [demonic ancestry]
 59528 | Vaults:1 | Reached XP level 19. HP: 132/132 MP: 25/35
 59751 | Vaults:1 | Acquired 715 gold pieces
 59768 | Vaults:1 | Bought the ring "Zilunwung" {rC++ Slay+4 SInv} for 1989
                  | gold pieces
 59929 | Vaults:1 | Reached skill level 10 in Shields
 61513 | Vaults:1 | Found Zuanueno's Antique Weapon Boutique.
 62812 | Vaults:2 | Noticed Boris
 62824 | Vaults:2 | Killed Boris
 62989 | Vaults:2 | Found a staircase to the Crypt.
 62989 | Vaults:2 | Found a basalt altar of Yredelemnul.
 62990 | Vaults:2 | Found an ancient bone altar of Kikubaaqudgha.
 63512 | Vaults:2 | Reached skill level 10 in Fire Magic
 64816 | Vaults:3 | Gained mutation: A powerful demonic guardian rushes to your
                  | aid. [demonic ancestry]
 64816 | Vaults:3 | Reached XP level 20. HP: 135/139 MP: 31/37
 65302 | Vaults:3 | Acquired the +8 arc blade {discharge, rElec}
 65303 | Vaults:3 | Found the +8 arc blade {discharge, rElec}
 66033 | Vaults:3 | Noticed Boris
 66041 | Vaults:3 | Killed Boris
 67079 | Vaults:3 | You fall into a shaft and drop 1 floor!
 67490 | Vaults:3 | Identified the +3 chain mail of the Black Moon {Rampage
                  | rPois} (You found it on level 3 of the Vaults)
 67754 | Vaults:4 | Noticed Frederick
 67774 | Vaults:4 | Killed Frederick
 68594 | Vaults:4 | Reached XP level 21. HP: 144/144 MP: 2/39
 69486 | Vaults:4 | Acquired 330 gold pieces
 69488 | Vaults:4 | Acquired the +1 pair of gloves of Responsibility {rN+}
 69502 | Vaults:4 | Acquired 1122 gold pieces
 69561 | Vaults:4 | Learned a level 8 spell: Ignition
 69857 | Elf:1    | Entered Level 1 of the Elven Halls
 69938 | Elf:1    | You fall into a shaft and drop 1 floor!
 69938 | Elf:2    | Found a ruined gateway.
 69944 | Elf:2    | Bought an ichor-stained leather armour for 245 gold pieces
 69944 | Elf:2    | Identified the +1 leather armour of Exclusion {+Inv rF-
                  | rN++ Int+2} (You bought it in a shop on level 2 of the
                  | Elven Halls)
 69949 | Desolati | Entered the Desolation of Salt
 70416 | Desolati | Identified the ring "Daghax" {EV+4 Dex+4}
 71118 | Desolati | Identified the +1 chain mail of Amorality {Int+7} (You
                  | found it in the Desolation of Salt)
 72123 | Desolati | Identified the Collected Works on Air and Ice
 72128 | Desolati | Identified the Almanac of Evil and Conjuration
 73074 | Elf:2    | Reached skill level 15 in Shields
 73083 | Elf:2    | Reached skill level 15 in Spellcasting
 73180 | Elf:2    | Found a huge runed translucent gate.
 73180 | Elf:2    | Found a huge runed translucent gate.
 73182 | Elf:2    | Found a huge runed translucent gate.
 73183 | Elf:2    | Found a huge runed translucent gate.
 73184 | Elf:2    | Found a huge runed translucent gate.
 74118 | Elf:2    | Reached XP level 22. HP: 112/151 MP: 1/41
 74993 | Elf:1    | Identified Sif Muna's Disquisition on Summoning
 75880 | Elf:3    | Entered Level 3 of the Elven Halls
 76033 | Elf:3    | Found Cuyfuves's Jewellery Emporium.
 76042 | Elf:3    | Reached skill level 15 in Fire Magic
 76341 | Elf:3    | Found a runed translucent gate.
 76344 | Elf:3    | Found a runed translucent gate.
 76348 | Elf:3    | Found a runed translucent gate.
 76348 | Elf:3    | Noticed Zekkers's ghost (veteran SpVM)
 76832 | Elf:3    | Identified the +1 kite shield of the Present {rF+ Dex+3}
 77304 | Elf:3    | Identified the +6 battleaxe "Nucud" {drain, rC- Int+6
                  | Dex+3}
 77393 | Elf:3    | Identified the cursed +3 scythe "Roushrem" {antimagic, rC+
                  | Int+3 Dex-5}
 77565 | Elf:3    | Identified Sif Muna's Guide on Cloudy Shape Shifting
 77594 | Elf:3    | Identified the +2 ring mail "Hodaint" {rPois} (You found it
                  | on level 3 of the Elven Halls)
 77599 | Elf:3    | Identified the +1 pair of boots of Mezcal {rN+} (You found
                  | it on level 3 of the Elven Halls)
 77655 | Elf:3    | Found the +9 scales of the Dragon King {rPois rF+ rC+
                  | Will+}
 78909 | Slime:1  | Entered Level 1 of the Pits of Slime
 79580 | Slime:3  | Gained mutation: You are dopey. (Int -2) [a shining eye]
 80015 | Slime:3  | Gained mutation: Armour fits poorly on your strangely
                  | shaped body. [a shining eye]
 80805 | Slime:5  | Entered Level 5 of the Pits of Slime
 80817 | Slime:5  | Gained mutation: Scrolls take you a little longer to read.
                  | [a shining eye]
 80821 | Slime:5  | Gained mutation: Scrolls take you longer to read. [a
                  | shining eye]
 80837 | Slime:5  | Noticed the Royal Jelly
 82078 | Slime:5  | Killed the Royal Jelly
 82079 | Slime:5  | Reached XP level 23. HP: 76/156 MP: 19/42
 82779 | Slime:5  | Identified The Second Course in Hermeneutics
 82800 | Slime:5  | Got a steaming graven amulet
 82803 | Slime:5  | Identified the amulet "Ocrem" {Reflect MP-9 Str+3 SH+5
                  | SInv} (You found it on level 5 of the Pits of Slime)
 82820 | Slime:5  | Identified the cursed +0 robe of Inaction {rPois Dex+4}
                  | (You found it on level 5 of the Pits of Slime)
 82834 | Slime:5  | Identified Sif Muna's Volume of Doomed Transmigration
 82872 | Slime:5  | Got a slimy rune of Zot
 82877 | Slime:5  | Identified the Guide on Confrontation
 83219 | Depths:1 | Entered Level 1 of the Depths
 83594 | Depths:1 | Identified the +6 scale mail of Midsummer {*Slow Int+4
                  | Dex+4} (You found it on level 1 of the Depths)
 83725 | Depths:1 | Found a one-way gate to the infinite horrors of the Abyss.
 83744 | Depths:1 | Found a gateway to Hell.
 85697 | Depths:2 | Found a gateway to a ziggurat.
 86516 | Depths:2 | Found Aplywn's Antique Armour Emporium.
 86538 | Depths:2 | Bought a masterwork chain mail for 351 gold pieces
 86538 | Depths:2 | Bought a faintly glowing chain mail for 351 gold pieces
 86541 | Depths:2 | Identified the +5 chain mail of Ustasaitt {Str+7 Int+4
                  | Dex-3} (You bought it in a shop on level 2 of the Depths)
 86543 | Depths:2 | Identified the +5 chain mail of the Will of the Gods {rPois
                  | rF+ Stlth+} (You bought it in a shop on level 2 of the
                  | Depths)
 87973 | Depths:3 | Found a glowing golden altar of the Shining One.
 88442 | Depths:3 | Reached skill level 8 in Fighting
 88442 | Depths:3 | Gained mutation: Your magical and physical power is
                  | enhanced at high health. [demonic ancestry]
 88442 | Depths:3 | Reached XP level 24. HP: 165/165 MP: 25/42
 89437 | Depths:3 | Reached skill level 9 in Fighting
 89838 | Depths:3 | Identified the Incunabulum of Transmigration and Cold
 90415 | Depths:4 | Reached skill level 10 in Fighting
 91319 | Depths:4 | Reached skill level 11 in Fighting
 92025 | Depths:4 | Noticed a juggernaut
 92057 | Depths:4 | Killed a juggernaut
 92828 | Depths:4 | Found a corrupted altar of Lugonu.
 93192 | Depths:4 | Upgraded the game from 0.27-a0-203-gd48b2df3c9 to
                  | 0.27-a0-216-g1fbed8a51c
 93193 | Depths:5 | Entered Level 5 of the Depths
 93980 | Depths:5 | Found Xumusiff's Book Shoppe.
 93993 | Depths:5 | Found Yguvotz's Antique Weapon Shoppe.
 94055 | Depths:5 | Bought a faintly glowing mace for 208 gold pieces
 94057 | Depths:5 | Identified the +4 mace "Qysatzib" {vorpal, *Slow rC+ Int+3}
                  | (You bought it in a shop on level 5 of the Depths)
 94349 | Depths:5 | Found Simneoh's Magic Scroll Boutique.
 94355 | Depths:5 | Bought a scroll of teleportation for 57 gold pieces
 94355 | Depths:5 | Bought a scroll of blinking for 142 gold pieces
 94355 | Depths:5 | Bought a scroll of identify for 38 gold pieces
 94355 | Depths:5 | Bought a scroll of identify for 38 gold pieces
 94355 | Depths:5 | Bought a scroll of acquirement for 988 gold pieces
 94358 | Depths:5 | Acquired 690 gold pieces
 95190 | Depths:5 | Found a gate to the Realm of Zot.
 95396 | Depths:5 | Found Dobb's General Store.
 95404 | Depths:5 | Bought a scroll of identify for 32 gold pieces
 95404 | Depths:5 | Bought a scroll of teleportation for 48 gold pieces
 95414 | Depths:5 | Found Jeex's General Store.
 95634 | Depths:5 | Bought a scroll of fog for 28 gold pieces
 95644 | Depths:5 | Bought 4 curare-tipped darts for 28 gold pieces
 95653 | Depths:5 | Bought the ring of Tyogh {rPois Will+ SInv} for 478 gold
                  | pieces
 95983 | Vaults:5 | Entered Level 5 of the Vaults
 95986 | Vaults:5 | Reached XP level 25. HP: 181/181 MP: 26/43
 96600 | Vaults:5 | Noticed an ancient lich
 96741 | Vaults:5 | Noticed a dread lich
 96928 | Vaults:5 | Noticed an ancient lich
 96937 | Vaults:4 | Killed an ancient lich
 97343 | Vaults:4 | Killed a dread lich
 97462 | Vaults:5 | Reached skill level 15 in Earth Magic
 97469 | Vaults:4 | Killed an ancient lich
 97933 | Vaults:5 | Identified the cursed +1 leather armour of the Heavens
                  | {Rampage rPois Will+}
 97936 | Vaults:5 | Identified the +10 morningstar "Xivati" {vorpal, Int+3}
 98696 | Vaults:5 | Identified the +3 flail "Umpoxke" {freeze, Dex+3} (You
                  | found it on level 5 of the Vaults)
 99653 | Vaults:5 | Lost mutation: Scrolls take you longer to read. [potion of
                  | mutation]
 99653 | Vaults:5 | Lost mutation: You are dopey. (Int -2) [potion of mutation]
 99653 | Vaults:5 | Lost mutation: Scrolls take you a little longer to read.
                  | [potion of mutation]
 99653 | Vaults:5 | Gained mutation: Your spells are a little harder to cast,
                  | but a little more powerful. [potion of mutation]
 99653 | Vaults:5 | Gained mutation: Your muscles are strong. (Str +2) [potion
                  | of mutation]
 99713 | Vaults:5 | Identified Ufumn's Guide on the Creative Frostbite
 99750 | Vaults:5 | Identified the amulet "Buquch" {Reflect Int+6 Dex+5 SH+5}
 99797 | Vaults:5 | Identified the Reference Book on Shifting Toxins
 99800 | Vaults:5 | Acquired 717 gold pieces
100043 | Vaults:5 | Gained mutation: Your magical and physical power is greatly
                  | enhanced at high health. [demonic ancestry]
100043 | Vaults:5 | Reached XP level 26. HP: 181/188 MP: 36/44
100632 | Vaults:5 | Identified the cursed +1 war axe of Vahotigg {flame, rPois
                  | rF+ Dex+3} (You found it on level 5 of the Vaults)
101006 | Vaults:5 | Got a silver rune of Zot
101130 | Vaults:5 | Identified the ring of Wuokipn {+Fly Dex+6 SInv Stlth+}
                  | (You found it on level 5 of the Vaults)
101379 | Crypt:1  | Entered Level 1 of the Crypt
101509 | Crypt:1  | Found a magical portal.
101536 | WizLab   | Entered The Roulette of Golubria
101536 | WizLab   | Found a transporter.
101539 | WizLab   | Found a corrupted altar of Lugonu.
101540 | WizLab   | Found the +2 cloak of the Thief {*Fog Slay-2 SInv Stlth+}
101640 | WizLab   | Found a transporter.
101682 | WizLab   | Found a transporter.
101783 | WizLab   | Found a transporter.
101788 | WizLab   | Found a transporter.
101796 | WizLab   | Found a corrupted altar of Lugonu.
101799 | WizLab   | Found a transporter.
102325 | WizLab   | Found a transporter.
102325 | WizLab   | Found a transporter.
102343 | WizLab   | Identified Sif Muna's Collected Works on the Voyage
102372 | WizLab   | Found a transporter.
102471 | WizLab   | Found a transporter.
102471 | WizLab   | Found a transporter.
102490 | WizLab   | Found a transporter.
102490 | WizLab   | Found a transporter.
102618 | WizLab   | Found a transporter.
102618 | WizLab   | Found a transporter.
102704 | WizLab   | Found a transporter.
102705 | WizLab   | Identified the +2 cloak of Nihilism {Will+ SInv} (You found
                  | it in a wizard's laboratory)
102721 | WizLab   | Identified the +1 cloak "Angan" {Int+2} (You found it in a
                  | wizard's laboratory)
102749 | WizLab   | Identified the +1 cloak "Moghux" {+Fly rPois} (You found it
                  | in a wizard's laboratory)
103257 | Crypt:1  | Found a basalt altar of Yredelemnul.
103510 | Crypt:1  | Learned a level 6 spell: Iron Shot
103520 | Crypt:1  | Learned a level 9 spell: Shatter
103947 | Crypt:2  | Noticed Donald
103952 | Crypt:2  | Killed Donald
105032 | Crypt:3  | Entered Level 3 of the Crypt
105309 | Crypt:3  | Noticed Boris
105318 | Crypt:3  | Killed Boris
105521 | Crypt:3  | Found a staircase to the Tomb.
105990 | Crypt:3  | Noticed Margery
106009 | Crypt:3  | Killed Margery
106309 | Crypt:3  | Found the +8 mithril axe "Arga" {speed, Will+}
106825 | Crypt:3  | Noticed an ancient lich
106828 | Crypt:3  | Killed an ancient lich
106829 | Crypt:3  | Gained mutation: You frequently emit foul miasma when
                  | damaged in melee. [demonic ancestry]
106829 | Crypt:3  | Reached XP level 27. HP: 194/194 MP: 31/45
106946 | Crypt:3  | Noticed an ancient lich
106949 | Crypt:3  | Killed an ancient lich
107584 | Depths:1 | Voluntarily entered the Abyss.
107660 | Abyss:1  | Found a shadowy altar of Dithmenos.
107843 | Abyss:1  | Gained mutation: You are dopey. (Int -2) [a neqoxec]
108069 | Abyss:1  | Identified the +6 rapier "Spider's Demise" {flame, rPois
                  | rF+ Str-3 Dex+2 SInv} (You found it on level 1 of the
                  | Abyss)
108295 | Abyss:1  | Found a corrupted altar of Lugonu.
108513 | Abyss:1  | Identified the +6 dagger of the Abyss {protect, rElec} (You
                  | found it on level 1 of the Abyss)
109752 | Abyss:3  | Got an abyssal rune of Zot
109758 | Depths:1 | Escaped the Abyss
109908 | Hell     | Entered the Vestibule of Hell
109908 | Hell     | Noticed Geryon
110764 | Hell     | Killed Geryon
111522 | Hell     | Found a gateway to the Iron City of Dis.
111645 | Hell     | Found a gateway to the freezing wastes of Cocytus.
111730 | Hell     | Found a gateway to the decaying netherworld of Tartarus.
111790 | Hell     | Found a gateway to the ashen valley of Gehenna.
112019 | Pan      | Entered Pandemonium
112396 | Pan      | Found a white marble altar of Elyvilon.
112697 | Pan      | Gained mutation: You can translocate small distances at
                  | will. [a neqoxec]
113034 | Pan      | Noticed Qoqeg the pandemonium lord
113056 | Pan      | Killed Qoqeg the pandemonium lord
113947 | Pan      | Got a demonic rune of Zot
113949 | Pan      | Found an exit through the horrors of the Abyss.
114206 | Pan      | Noticed Qeykic the pandemonium lord
114221 | Pan      | Killed Qeykic the pandemonium lord
114467 | Pan      | Entered the realm of Gloorx Vloq.
115054 | Pan      | Noticed Gloorx Vloq
115072 | Pan      | Killed Gloorx Vloq
115113 | Pan      | Got a dark rune of Zot
115617 | Pan      | Entered the realm of Cerebov.
115887 | Pan      | Identified the +5 scimitar "Sizeloh" {venom, rF+ Str+3
                  | Dex+3}
115887 | Pan      | Identified the amulet "Wejup" {Faith rElec rPois Dex-3
                  | Slay-6}
117017 | Pan      | Identified the +6 sword of Cerebov {flame}
117017 | Pan      | Noticed Cerebov
117043 | Pan      | Killed Cerebov
117070 | Pan      | Identified the +4 trident of Fear {pain, rF- Will+ Str+3
                  | Int+8}
117070 | Pan      | Identified the cursed +0 chain mail of Experimentation
                  | {Will+}
117075 | Pan      | Identified the Catalogue of Love and Death
117078 | Pan      | Identified the +7 rapier of the Eternal Warrior {vorpal,
                  | +Blink rC+++ MP-9 Str-5}
117141 | Pan      | Identified the +11 halberd of Foolhardiness {drain, rF+++
                  | Str-3 Int-3 Dex+7}
117688 | Pan      | Got a fiery rune of Zot
118290 | Pan      | Entered the realm of Lom Lobon.
118299 | Pan      | Learned a level 7 spell: Ozocubu's Refrigeration
118670 | Pan      | Reached skill level 1 in Ice Magic
119090 | Pan      | Reached skill level 5 in Ice Magic
119175 | Pan      | Noticed Lom Lobon
119185 | Pan      | Got a magical rune of Zot
119189 | Pan      | Killed Lom Lobon
119765 | Pan      | Entered the realm of Mnoleg.
119970 | Pan      | Noticed Mnoleg
119976 | Pan      | Got a glowing rune of Zot
120044 | Pan      | Noticed Mnoleg
120075 | Pan      | Lost mutation: Your spells are a little harder to cast, but
                  | a little more powerful. [Mnoleg's mutagenic touch]
120077 | Pan      | Killed Mnoleg
120096 | Pan      | Gained mutation: Your magical capacity is low. (-10% MP) [a
                  | cacodemon]
120175 | Pan      | Found an exit through the horrors of the Abyss.
120189 | Pan      | Took an exit into the Abyss.
120189 | Abyss:1  | Escaped into the Abyss
120221 | Abyss:1  | Reached skill level 10 in Ice Magic
120269 | Depths:3 | Escaped the Abyss
120495 | D:9      | Bought a book of Annihilations for 1324 gold pieces
120552 | D:10     | Bought 2 potions of curing for 84 gold pieces
120552 | D:10     | Bought 2 potions of magic for 224 gold pieces
120552 | D:10     | Bought 2 potions of heal wounds for 140 gold pieces
120552 | D:10     | Bought a potion of might for 56 gold pieces
120552 | D:10     | Bought a potion of resistance for 140 gold pieces
120552 | D:10     | Bought a potion of haste for 140 gold pieces
120552 | D:10     | Bought a potion of might for 56 gold pieces
120552 | D:10     | Bought a potion of curing for 42 gold pieces
120565 | D:10     | Learned a level 9 spell: Absolute Zero
120773 | Dis:1    | Entered Level 1 of the Iron City of Dis
122105 | Dis:7    | Entered Level 7 of the Iron City of Dis
124446 | Dis:7    | Identified the +4 staff of Dispater
124446 | Dis:7    | Noticed Dispater
124447 | Dis:7    | Got an iron rune of Zot
124600 | Tar:1    | Entered Level 1 of Tartarus
124783 | Tar:1    | Reached skill level 15 in Ice Magic
125413 | Hell     | Bought a scroll of identify for 40 gold pieces
125413 | Hell     | Bought a scroll of identify for 40 gold pieces
125413 | Hell     | Bought a scroll of identify for 40 gold pieces
125413 | Hell     | Bought 3 scrolls of teleportation for 180 gold pieces
125413 | Hell     | Bought a scroll of amnesia for 70 gold pieces
125413 | Hell     | Bought a scroll of amnesia for 70 gold pieces
125413 | Hell     | Bought a scroll of magic mapping for 70 gold pieces
125956 | Tar:4    | HP: 8/192 [bone dragon[the effects of Hell] (7)]
126061 | Tar:4    | HP: 9/192 [vampire knight/+0 great sword[the effects of
                  | Hell] (7)]
127590 | Hell     | Bought a potion of mutation for 112 gold pieces
127590 | Hell     | Bought 2 potions of might for 112 gold pieces
127590 | Hell     | Bought a potion of mutation for 112 gold pieces
127590 | Hell     | Bought a potion of ambrosia for 112 gold pieces
127590 | Hell     | Bought a potion of haste for 140 gold pieces
127590 | Hell     | Bought a potion of heal wounds for 70 gold pieces
127590 | Hell     | Bought a potion of ambrosia for 112 gold pieces
127590 | Hell     | Bought a potion of magic for 112 gold pieces
129059 | Tar:7    | Entered Level 7 of Tartarus
130981 | Tar:7    | Found the +3 giant club "Skullcrusher" {speed, Str+7}
131127 | Tar:7    | Noticed Ereshkigal
131143 | Tar:7    | Got a bone rune of Zot
131150 | Tar:7    | Identified the ring of Doeph {rPois Int+6 Dex+4 Slay-3}
                  | (You found it on level 7 of Tartarus)
131444 | Hell     | derp
131445 | Geh:1    | Entered Level 1 of Gehenna
135779 | Hell     | Learned a level 4 spell: Hailstorm
138047 | Geh:2    | Reached skill level 12 in Fighting
138904 | Geh:5    | Reached skill level 13 in Fighting
139328 | Geh:7    | Entered Level 7 of Gehenna
139640 | Geh:7    | Reached skill level 14 in Fighting
140094 | Geh:7    | Identified the +7 sceptre of Asmodeus
140094 | Geh:7    | Noticed Asmodeus
140095 | Geh:7    | thonk
140533 | Geh:6    | Reached skill level 15 in Fighting
141167 | Geh:7    | Killed Asmodeus
141168 | Geh:7    | Reached skill level 16 in Fighting
141213 | Geh:7    | Got an obsidian rune of Zot
141296 | Geh:7    | Identified the +2 chain mail of Leahog {rElec rPois rC-}
                  | (You found it on level 7 of Gehenna)
141298 | Geh:7    | Identified Sif Muna's Reference Book on Quantum Poisoning
141485 | Coc:1    | Entered Level 1 of Cocytus
141842 | Coc:1    | Reached skill level 17 in Fighting
143284 | Coc:1    | Reached skill level 18 in Fighting
143953 | Coc:3    | Reached skill level 15 in Dodging
144083 | Coc:4    | Reached skill level 19 in Fighting
144433 | Hell     | fuck you gozag
145258 | Coc:7    | Entered Level 7 of Cocytus
145322 | Coc:7    | Reached skill level 20 in Fighting
146904 | Coc:7    | Reached skill level 21 in Fighting
146921 | Coc:7    | Identified Cifozam Igy's Tome of Greatest Risks and Utility
146924 | Coc:7    | Identified the cursed +0 scale mail of Agoraphobia {rF+
                  | Will+ Str+2 SInv} (You found it on level 7 of Cocytus)
147693 | Coc:7    | Reached skill level 22 in Fighting
148222 | Coc:7    | Acquired 639 gold pieces
148279 | Coc:7    | Noticed Antaeus
148283 | Coc:7    | Killed Antaeus
148346 | Coc:7    | Got an icy rune of Zot
148426 | Hell     | Learned a level 8 spell: Necromutation
148566 | Zot:1    | Entered Level 1 of the Realm of Zot
148571 | Zot:1    | Reached skill level 23 in Fighting
149209 | Zot:1    | Reached skill level 10 in Necromancy
149918 | Zot:1    | Identified the +3 long sword of Cigieb {freeze, rElec} (You
                  | found it on level 1 of the Realm of Zot)
152317 | Zot:3    | Reached skill level 15 in Necromancy
153473 | Zot:3    | Found a runed translucent gate.
153474 | Zot:3    | Found a runed translucent gate.
153475 | Zot:3    | Found a runed translucent gate.
153476 | Zot:3    | Noticed Ushret's ghost (legendary GnFE)
153476 | Zot:3    | Noticed an orb of fire
153499 | Zot:3    | Got a clouded jade ring
153500 | Zot:3    | Identified the ring "Lotiprum" {MP+9 AC+4} (You found it on
                  | level 3 of the Realm of Zot)
154881 | Zot:3    | Killed Ushret's ghost
155040 | Zot:3    | Killed an orb of fire
155263 | Zot:3    | Identified the cursed +0 pair of gloves "Yraegev" {Regen+
                  | Int+4 Dex+4} (You found it on level 3 of the Realm of Zot)
155589 | Zot:4    | Noticed an orb of fire
155590 | Zot:4    | Killed an orb of fire
155891 | Zot:4    | Reached skill level 10 in Transmutations
157044 | Zot:5    | Entered Level 5 of the Realm of Zot
157150 | Zot:5    | Noticed an orb of fire
157376 | Zot:5    | Killed an orb of fire
158181 | Zot:5    | Noticed a dread lich
158201 | Zot:5    | Killed a dread lich
158502 | Zot:5    | Noticed an ancient lich
158503 | Zot:5    | Killed an ancient lich
158504 | Zot:5    | Reached skill level 15 in Transmutations
158693 | Zot:5    | Noticed an orb of fire
158695 | Zot:5    | Killed an orb of fire
158697 | Zot:5    | Noticed a dread lich
158701 | Zot:5    | Killed a dread lich
158708 | Zot:5    | Noticed an ancient lich
158711 | Zot:5    | Killed an ancient lich
158857 | Zot:5    | Noticed a dread lich
158858 | Zot:5    | Killed a dread lich
158935 | Zot:5    | Noticed an orb of fire
158940 | Zot:5    | Killed an orb of fire
158945 | Zot:5    | Reached skill level 24 in Fighting
159443 | Zot:5    | Noticed an ancient lich
159446 | Zot:5    | Killed an ancient lich
159448 | Zot:5    | Noticed an orb of fire
159449 | Zot:5    | Noticed a dread lich
159453 | Zot:5    | Killed an orb of fire
159477 | Zot:5    | Killed a dread lich
159478 | Zot:5    | Reached skill level 25 in Fighting
159637 | Zot:5    | Noticed a dread lich
159640 | Zot:5    | Killed a dread lich
159651 | Zot:5    | Noticed an ancient lich
159653 | Zot:5    | Killed an ancient lich
159658 | Zot:5    | Noticed an ancient lich
159658 | Zot:5    | Noticed an ancient lich
159658 | Zot:5    | Noticed an ancient lich
159676 | Zot:5    | Killed an ancient lich
159684 | Zot:5    | Killed an ancient lich
159691 | Zot:5    | Killed an ancient lich
160683 | Tomb:1   | Entered Level 1 of the Tomb of the Ancients
160686 | Tomb:1   | Noticed Sojobo
160687 | Tomb:1   | late, sojobo
160688 | Tomb:1   | Killed Sojobo
160690 | Tomb:1   | Reached skill level 26 in Fighting
161268 | Tomb:1   | Noticed Boris
161284 | Tomb:1   | Killed Boris
162089 | Tomb:1   | Noticed a royal mummy
162324 | Tomb:1   | Killed a royal mummy
162895 | Tomb:1   | Noticed a royal mummy
162899 | Tomb:1   | Reached skill level 27 in Fighting
162899 | Tomb:1   | Killed a royal mummy
163609 | Tomb:1   | Noticed a royal mummy
163616 | Tomb:1   | Killed a royal mummy
163621 | Tomb:1   | Noticed a royal mummy
163623 | Tomb:1   | Killed a royal mummy
163634 | Tomb:1   | Noticed a royal mummy
163643 | Tomb:1   | Killed a royal mummy
163793 | Tomb:1   | Noticed a royal mummy
163797 | Tomb:1   | Killed a royal mummy
163798 | Tomb:1   | Noticed a royal mummy
163939 | Tomb:1   | Killed a royal mummy
164012 | Tomb:1   | Noticed a royal mummy
164015 | Tomb:1   | Killed a royal mummy
164065 | Tomb:1   | Noticed a royal mummy
164068 | Tomb:1   | Noticed a royal mummy
164071 | Tomb:1   | Killed a royal mummy
164073 | Tomb:1   | Killed a royal mummy
164088 | Tomb:1   | Noticed a royal mummy
164091 | Tomb:1   | Killed a royal mummy
164417 | Tomb:1   | Noticed a royal mummy
164418 | Tomb:1   | Killed a royal mummy
164601 | Tomb:1   | Noticed a royal mummy
164605 | Tomb:1   | Killed a royal mummy
164644 | Tomb:1   | Noticed a royal mummy
164646 | Tomb:1   | Killed a royal mummy
164852 | Tomb:1   | Noticed a royal mummy
164853 | Tomb:1   | Noticed a royal mummy
164855 | Tomb:1   | Killed a royal mummy
164859 | Tomb:1   | Killed a royal mummy
165031 | Tomb:1   | Noticed a royal mummy
165033 | Tomb:1   | Killed a royal mummy
165243 | Tomb:1   | Noticed a royal mummy
165243 | Tomb:1   | Noticed a royal mummy
165245 | Tomb:1   | Killed a royal mummy
165249 | Tomb:1   | Killed a royal mummy
166069 | Tomb:3   | Entered Level 3 of the Tomb of the Ancients
166218 | Tomb:3   | Noticed a royal mummy
166224 | Tomb:3   | Killed a royal mummy
166234 | Tomb:3   | Noticed a royal mummy
166429 | Tomb:3   | Noticed a royal mummy
166432 | Tomb:3   | Noticed a royal mummy
166433 | Tomb:3   | Killed a royal mummy
166433 | Tomb:3   | Noticed a royal mummy
166434 | Tomb:3   | Killed a royal mummy
166435 | Tomb:3   | Noticed a royal mummy
166536 | Tomb:3   | Noticed a royal mummy
166539 | Tomb:3   | Killed a royal mummy
166544 | Tomb:3   | Killed a royal mummy
166566 | Tomb:3   | Noticed Khufu
166571 | Tomb:3   | Killed Khufu
166634 | Tomb:3   | Noticed a royal mummy
166648 | Tomb:3   | Killed a royal mummy
166706 | Tomb:3   | Identified the Compendium of the Birds
166956 | Tomb:3   | Killed a royal mummy
166975 | Tomb:3   | Killed a royal mummy
167079 | Tomb:3   | Identified the +9 scimitar of Sutuicil {vorpal, +Rage rF-
                  | Dex+3 Stlth-} (You found it on level 3 of the Tomb of the
                  | Ancients)
167175 | Tomb:3   | Got a golden rune of Zot
167362 | Tomb:3   | Got a crude steel amulet
167545 | Tomb:3   | Identified the amulet of Qion {Spirit rElec rF+ Will-
                  | Str+6} (You found it on level 3 of the Tomb of the
                  | Ancients)
167557 | Tomb:3   | Identified the +4 flail of a sewer {vorpal, Str+2} (You
                  | found it on level 3 of the Tomb of the Ancients)
167584 | Tomb:3   | Identified the +3 plate armour of the Beggar {rF+ Dex+4
                  | Slay+2} (You found it on level 3 of the Tomb of the
                  | Ancients)
168366 | Hell     | Bought a scarf of resistance for 448 gold pieces
168420 | Zig:1    | Entered Level 1 of a ziggurat
168480 | Zig:2    | Entered Level 2 of a ziggurat
168524 | Zig:3    | Entered Level 3 of a ziggurat
168566 | Zig:3    | Got an ancient lead ring
168567 | Zig:3    | Identified the ring of the Assorted Knives {rPois rF+ rCorr
                  | Dex-2} (You found it on level 3 of a ziggurat)
168573 | Zig:4    | Entered Level 4 of a ziggurat
168766 | Zig:5    | Entered Level 5 of a ziggurat
168832 | Zig:6    | Entered Level 6 of a ziggurat
168848 | Zig:6    | Got a brightly glowing tin ring
168853 | Zig:6    | Identified the ring of the Tarantula {rPois rN+ Str+7} (You
                  | found it on level 6 of a ziggurat)
168874 | Zig:6    | Identified the +6 mace of Inki {vorpal, Int+3} (You found
                  | it on level 6 of a ziggurat)
168898 | Zig:7    | Entered Level 7 of a ziggurat
168924 | Zig:7    | Identified the Incunabulum of the Ghastly Compass
168993 | Zig:8    | Entered Level 8 of a ziggurat
169000 | Zig:8    | Noticed a juggernaut
169002 | Zig:8    | Killed a juggernaut
169107 | Zig:9    | Entered Level 9 of a ziggurat
169114 | Zig:9    | Noticed a royal mummy
169114 | Zig:9    | Noticed a royal mummy
169116 | Zig:9    | Noticed a royal mummy
169119 | Zig:9    | Killed a royal mummy
169120 | Zig:9    | Killed a royal mummy
169121 | Zig:9    | Killed a royal mummy
169309 | Zig:9    | Identified the ring of Finality {+Blink Will+ Str+6 Int-3}
                  | (You found it on level 9 of a ziggurat)
169313 | Zig:10   | Entered Level 10 of a ziggurat
169422 | Zig:10   | Identified the +4 robe of Feasting {rElec rCorr} (You found
                  | it on level 10 of a ziggurat)
169434 | Zig:10   | Identified the amulet of Xom's Full Attention {Reflect
                  | Dex+2 SH+5 Stlth+} (You found it on level 10 of a ziggurat)
169455 | Zig:11   | Entered Level 11 of a ziggurat
169475 | Zig:11   | Noticed Woidav the pandemonium lord
169475 | Zig:11   | Noticed Vaew the pandemonium lord
169477 | Zig:11   | Noticed Hatol the pandemonium lord
169478 | Zig:11   | Killed Woidav the pandemonium lord
169479 | Zig:11   | Killed Vaew the pandemonium lord
169489 | Zig:11   | Killed Hatol the pandemonium lord
169660 | Zig:11   | Noticed a dread lich
169664 | Zig:11   | Killed a dread lich
169788 | Zig:11   | Found the +10 morningstar "Eos" {elec, Halo rElec}
169796 | Zig:11   | Identified the amulet "Ficvot" {Faith rC++ Dex+4 Stlth-}
                  | (You found it on level 11 of a ziggurat)
169818 | Zig:12   | Entered Level 12 of a ziggurat
170046 | Zig:12   | Identified Naxi's Collected Works on the Escort
170049 | Zig:12   | Identified the ring of Salvation {EV+4 Int+3} (You found it
                  | on level 12 of a ziggurat)
170065 | Zig:13   | Entered Level 13 of a ziggurat
170082 | Zig:13   | Found the ring of Shadows {Umbra +Inv Stlth+}
170082 | Zig:13   | Found the +8 demon trident "Rift" {distort, reach+}
170233 | Zig:13   | Identified the Catalogue of Precision Catastrophes
170322 | Zig:14   | Entered Level 14 of a ziggurat
170458 | Zig:14   | Identified the Guide on Dark Magic and Flames
170472 | Zig:14   | Identified the Volume of Earthen Changing
170476 | Zig:14   | Identified the +2 pair of gloves "Sinas" {-Tele rPois rN+}
                  | (You found it on level 14 of a ziggurat)
170536 | Zig:15   | Entered Level 15 of a ziggurat
170549 | Zig:15   | Noticed a juggernaut
170549 | Zig:15   | Noticed a juggernaut
170549 | Zig:15   | Noticed a juggernaut
170552 | Zig:15   | Killed a juggernaut
170553 | Zig:15   | Killed a juggernaut
170560 | Zig:15   | Killed a juggernaut
170652 | Zig:15   | Identified the ring of Porec {Wiz SInv} (You found it on
                  | level 15 of a ziggurat)
170719 | Zig:16   | Entered Level 16 of a ziggurat
170736 | Zig:16   | Found the +8 orange crystal plate armour {Archmagi, Int+3
                  | Clar}
170801 | Zig:16   | Identified the amulet of Knowledge {+Blink rElec Regen+
                  | Int+3} (You found it on level 16 of a ziggurat)
170837 | Zig:17   | Entered Level 17 of a ziggurat
171088 | Zig:17   | Identified the Reference Book on Envenoming and the Birds
171092 | Zig:17   | Identified the Incunabulum of Scorching Malediction
171100 | Zig:17   | Identified the +3 rapier of Ragnarok {drain, +Fly rF- MP+9
                  | Int+3} (You found it on level 17 of a ziggurat)
171105 | Zig:17   | Got a distressingly furry robe
171116 | Zig:17   | Identified the +1 robe of Xyntekk {*Slow rPois rC+ Dex+7}
                  | (You found it on level 17 of a ziggurat)
171165 | Zig:18   | Entered Level 18 of a ziggurat
171465 | Zig:18   | Identified the ring "Dor Liq" {rF+ Str+3} (You found it on
                  | level 18 of a ziggurat)
171526 | Zig:19   | Entered Level 19 of a ziggurat
171563 | Zig:19   | Noticed an ancient lich
171600 | Zig:19   | Identified the +1 cloak of Nihilism {rF+ Str+5} (You found
                  | it on level 19 of a ziggurat)
171622 | Zig:20   | Entered Level 20 of a ziggurat
171773 | Zig:20   | Paralysed by a great orb of eyes for 7 turns
171776 | Zig:20   | HP: 10/249 [azure jelly (3)]
171776 | Zig:20   | Slain by an azure jelly

Illustrated notes #....##≈# ##.....#≈≈# #......#≈≈§## #.....####≈≈## # #...##'..##§≈## ## ##'##.....#§..####. #...#.....#.≈≈.##.. #...#.....'§.≈≈.... #.@.#.....'..§≈.... #...#.....'.§§≈.... #...#.....#§≈§.##.. ##'##.....#≈..####. #...##'..##≈≈## #. #.....####≈≈## ## #......#≈≈≈## # ##.....#≈≈# # #....##≈# Turn 131444 on Hell: derp

### ############## ##∩###
###...∩##.#....##
#....####..#....$...§.)..####
........#......$$$§$)§§.)...#####
..........)....≈≈≈§≈§≈§..).......
)......≈≈≈≈≈≈≈≈≈≈§≈≈§§≈≈.........
...≈≈≈≈≈≈≈≈≈≈≈≈≈≈$$$.≈≈≈≈≈≈≈§....
)≈≈≈≈≈≈≈≈≈≈≈≈≈≈§....p..≈≈≈§§§≈§§.
≈≈≈≈≈≈≈≈≈≈≈§§≈1.@...$..))§≈≈≈≈§≈≈
≈≈≈≈≈§≈§≈≈§≈≈≈.........##.≈§≈≈§≈≈
.≈≈≈≈§≈≈≈§§§§...##2#21###...§≈§≈§
≈≈≈§≈≈§§≈≈§≈....#,11☼2..#....≈§§≈
§≈≈≈≈§≈§§≈§§§...*,,.&○,.*.§§.§≈§≈
≈≈≈≈≈≈≈≈§§≈≈≈..#*,,☼○1.#*...§≈§§≈
≈§§§§≈≈§§§≈....#****##°#*##..§§≈≈
≈≈§≈≈≈≈§≈≈....#*******.#***..≈≈§≈
§§§§≈≈≈.......**,,,,,,,,,**,,,,≈≈


Turn 140095 on Geh:7: thonk ###### ##..≈≈≈≈≈≈≈# .....## ##...≈≈≈≈≈≈≈#
....#.###...≈≈≈≈≈≈≈≈# ......##..≈≈≈≈≈≈≈≈≈≈# ......#..≈.≈≈≈≈≈≈≈≈≈#
..........≈≈≈≈≈≈≈≈≈≈# ..........≈≈≈≈≈....≈# ...................≈#
...............∩@∩.≈# ....[..............≈# ..........≈≈≈≈≈....≈#
.........≈≈≈≈≈.≈≈≈≈≈# ......#....≈≈≈≈≈≈≈≈≈# ......##...≈≈≈≈≈≈≈≈≈#
......###.≈.≈≈≈≈≈≈≈≈# ......# ##..≈≈≈≈≈≈≈≈# ..##### ##.≈≈≈≈≈≈≈≈# Turn 144433 on
Hell: fuck you gozag #..........# #..........# #..........# #..........#
#..........# #..........# #....○○○..Q. #...@○☼☼...Q #....○☼☼.... #.......☼...
#<.......... ############ Turn 160687 on Tomb:1: late, sojobo

Levels and vault maps discovered:
D:1:      minmay_arrival_pointy, layout_rooms, glass_columns_a,
          minmay_close_crescents
D:2:      lemuel_upstairs_altar, layout_rooms, okawaru_ov_weapons_minmay,
          lemuel_coloured_pillars_altar, minmay_statues_item,
          makhleb_heckhound_becter
D:3:      layout_loops_ring, lemuel_doored_altar, minmay_shallow_snake_nest
D:4:      layout_loops_ring, temple_hall, uniq_pikel, uniq_sigmund,
          uniq_crazy_yiuf_cottage
D:5:      layout_loops_ring, overflow_temple_1_default, st_stairs_14,
          nicolae_qazlal_general_emergency
D:6:      layout_gridville, lemuel_crystal_altar, lemuel_round_altar
D:7:      layout_cave_pools, ebering_ghost_disaster_area
D:8:      layout_basic, enter_bailey_4
D:9:      layout_irregular_city, erik_lair_island, serial_shops, shop,
          minivault_28
D:10:     layout_roguey, erik_orc_2, serial_shops, shop, nicolae_shop_trees,
          kennysheep_mini_moat, st_stairs_11, tgw_kikubaaqudgha, uniq_harold,
          uniq_maurice
D:11:     layout_basic, serial_shops, shop_statue
D:12:     layout_big_octagon, serial_shops, shop, st_stairs_4, minmay_st_funbox,
          uniq_snorg, uniq_azrael
D:13:     layout_roguey
D:14:     layout_long_grid, david_vaults_2, special_room [special_room_bee],
          gauntlet_entry_generic
D:15:     gammafunk_enter_depths_forms, layout_cave_pools, dk_noncrumbling_4,
          serial_park, serial_park_square3 [serial_park_minivault_5x5_6],
          serial_park_square1 [serial_park_minivault_5x5_6], serial_shops,
          nicolae_shop_waterfront, uniq_josephine
Temple:   regret_index_temple_waves
Lair:1:   layout_gridlike, worms_lemuel, serial_bayou_shore_b
Lair:2:   gammafunk_lair_enchanted_lake, layout_chaotic_city,
          minmay_snake_entry_guardpost_small, tgw_fedhas, serial_bayou_shore_b
Lair:3:   nzn_winding_woodlands_stair_trap [nzn_winding_woodlands_5x15_zeroes,
          nzn_winding_woodlands_5x15_concentric, nzn_winding_woodlands_5x15_eye,
          nzn_winding_woodlands_15x15_boxy_spiral,
          nzn_winding_woodlands_5x15_river_crossing,
          nzn_winding_woodlands_5x15_sidewinder,
          nzn_winding_woodlands_5x15_twine], layout_layer_cave,
          minmay_hedge_maze, infiniplex_staircase_pool
Lair:4:   layout_misc_corridors, elwin_shoals_entry_stream
Lair:5:   regret_index_combs_of_tragedy, layout_regular_city,
          serial_bayou_ford_a
Lair:6:   grunt_lair_end_beastmaster, layout_small_grid,
          dpeg_slime_entry_corner, patterned_corridor
Shoals:1: layout_shoals, uniq_nikola
Shoals:2: cheibrodos_shoals_baths, layout_shoals, uniq_roxanne, uniq_frances
Shoals:3: layout_shoals
Shoals:4: shoals_end_simple, layout_shoals, nicolae_shoals_dead_sea_scrolls
Snake:1:  gammafunk_the_bubble [the_bubble_gammafunk_grid], layout_layer_cave,
          grunt_megastairs_3
Snake:2:  layout_rooms, uniq_aizul, uniq_louise
Snake:3:  layout_misc_corridors, st_stairs_5, hangedman_snake_corridor_cut,
          grunt_megastairs_4, minmay_shoptagon, lemuel_fruit_tree,
          serial_bayou_shore_b
Snake:4:  grunt_snake_rune_pools, layout_misc_corridors, guppyfry_snake_island,
          grunt_megastairs_5, uniq_asterion, uniq_bai_suzhen
Slime:1:  layout_caves, basic_altar
Slime:2:  layout_caves
Slime:3:  layout_caves
Slime:4:  layout_caves
Slime:5
Orc:1:    layout_caves, basic_altar
Orc:2:    pf_orc_diabolical, layout_caves, uniq_saint_roka
Elf:1:    eino_elf_arrival_sip, layout_gridlike, minmay_elf_demonology,
          hangedman_glass_teeth
Elf:2:    layout_geoelf_octagon, portal_desolation_entry_garden
Elf:3:    elf_hall, layout_onion_city, ebering_ghost_rock_garden, serial_shops,
          shop
Vaults:1: nicolae_vaults_disjoint_gnomons, nicolae_vaults_disjoint_gnomons,
          nicolae_vaults_yaktaur_gun_rack, nicolae_vaults_little_ls, v_misc_18,
          hangedman_vaults_locks, ontoclasm_vaults_idyll,
          nicolae_vaults_little_squares_3, v_misc_28, v_misc_22,
          grunt_vaults_focal, v_misc_15, st_cross, layout_vaults_omnibox,
          serial_shops, shop
Vaults:2: nicolae_vaults_what_the_h, nicolae_vaults_twisting_passages,
          minmay_crypt_entry_necro_gods, ontoclasm_vaults_pinch, v_misc_16,
          nicolae_vaults_hallways_thing, v_misc_28, ontoclasm_vaults_fault,
          v_misc_12, v_rooms_6, nicolae_vaults_asterisk,
          layout_vaults_maze_bifur, uniq_boris
Vaults:3: vaults_standard_mumra_enter_the_diamond, hangedman_vaults_stream,
          v_misc_28, nicolae_vaults_alarming, nicolae_vaults_network_quinsquares
          [nicolae_vaults_network_quincunx_subvault,
          nicolae_vaults_network_quincunx_subvault,
          nicolae_vaults_network_quincunx_subvault,
          nicolae_vaults_network_quincunx_subvault], hangedman_vaults_snaps,
          hangedman_vaults_corner_blocks, vaults_dpeg_spiral, v_misc_14,
          nicolae_vaults_little_squares_3, layout_vaults_ring
Vaults:4: v_pattern_5, nicolae_vaults_angled_halls, vaults_room_semicircle,
          ontoclasm_vaults_shout, hangedman_vaults_slice,
          nicolae_vaults_little_squares_6, ontoclasm_vaults_loading_screen,
          nicolae_vaults_mini_display_case, layout_vaults_omnicross,
          uniq_frederick
Vaults:5
Crypt:1:  layout_gridlike, basic_altar, infiniplex_enter_wizlab_spiral,
          moated_statue, minmay_misc_feat_hallway
Crypt:2:  layout_misc_corridors, uniq_donald
Crypt:3:  david_glass_crypt, layout_gridlike, nicolae_tomb_entry_grand_gallery,
          grunt_ministairs_14, uniq_margery
Tomb:1:   uniq_sojobo
Tomb:2:   uniq_mara
Tomb:3
Depths:1: layout_cave_shapes, abyss_entry_crystal, hell_entry,
          roderic_serpentine_path, minmay_misc_feat_plants, hex_large,
          minislime_mu
Depths:2: kennysheep_blocky_hall, layout_gridlike, enter_ziggurat_b,
          abyss_entry, hell_entry, kennysheep_cluttered_room, serial_shops,
          nicolae_shop_stone, minmay_staircase_bubble
Depths:3: kennysheep_oblong_rooms, layout_cave_pools, hell_entry,
          rand_demon_pan_entry_9, tso_metal_star, hangedman_stitches_earthworm,
          infiniplex_staircase_zigzag_1
Depths:4: minmay_crescents, layout_honeycomb, ebering_dispersal_statue_hall,
          hangedman_coc_ice_floe, abyss_entry_flame_altar,
          minmay_misc_feat_cross, infiniplex_staircase_pillars_3a
Depths:5: grunt_zot_entry_bicorn, layout_cave_pools, minmay_misc_feat_rows,
          hell_entry, serial_bayou, serial_bayou_lagoon_b, serial_shops, shop,
          nicolae_shop_stone, nicolae_shop_statue_plus, shop_scrolls, shop
Hell
Dis:1:    layout_gridville
Dis:2:    layout_gridville
Dis:3:    lemuel_dis_dragons, layout_regular_city, grunt_megastairs_2
Dis:4:    layout_gridville
Dis:5:    layout_subdivisions
Dis:6:    layout_chaotic_city
Dis:7:    dis_st
Geh:1:    layout_gehenna_pools_basic
Geh:2:    layout_gehenna_lava_caves
Geh:3:    layout_gehenna_lava_caves
Geh:4:    minmay_firetagon, layout_gehenna_lava_caves,
          nicolae_geh_single_fiery_grave
Geh:5:    layout_gehenna_pools_basic, hangedman_generic_boss_arena,
          lemuel_elevator
Geh:6:    layout_gehenna_lava_caves
Geh:7:    geh_old
Coc:1:    layout_cocytus_delve, grunt_cocytus_stairs_refrigerator
Coc:2:    layout_cocytus_water_paths
Coc:3:    layout_cocytus_water_paths
Coc:4:    layout_ice_bergs
Coc:5:    layout_ice_bergs
Coc:6:    layout_cocytus_water_paths
Coc:7:    coc_dpeg
Tar:1:    layout_catacombs, grunt_megastairs_1
Tar:2:    layout_catacombs
Tar:3:    grunt_deathspiral_small, layout_cathedral_of_symmetry,
          nicolae_tar_cuneiform_oil, lemuel_nasty_pond
Tar:4:    layout_grid_maze
Tar:5:    layout_grid_maze
Tar:6:    layout_cathedral_of_symmetry
Tar:7:    tar_minmay_river
Zot:1:    layout_basic, drop_trap
Zot:2:    kennysheep_spiral_hall, layout_gridlike, grunt_ministairs_7
Zot:3:    lemuel_halls_of_wrath, layout_gridville, gammafunk_ghost_tricky_traps
Zot:4:    kennysheep_ambush_hall, layout_concentric_octagons
Zot:5:    layout_twisted_circle, nrook_zot_tub
Zig:20

Skill      XL: |  1  2  3  4  5  6  7  8  9 10 11 12 13 14 15 16 17 18 19 20 21 22 23 24 25 26 27 |
---------------+----------------------------------------------------------------------------------+-----
Earth Magic    | 3 4 5 6 8 9 10 13 16 19 24 | 24.0
Conjurations   | 1 2 3 4 6 8 10 | 10.0
Short Blades   | 1 3 5 6 7 8 10 11 12 14 | 14.0
Transmutations | 1 2 4 5 6 7 8 15 | 15.0
Spellcasting   | 4 6 8 9 10 11 12 13 14 15 16 17 18 26 | 26.6
Fighting       | 3 5 7 8 11 27 | 27.0
Shields        | 4 6 9 11 13 15 19 | 19.2
Translocations | 1 2 |  2.0
Dodging        | 4 6 8 9 11 20 | 20.0
Necromancy     | 7 8 20 | 20.0
Stealth        | 5 7 10 11 12 | 12.0
Fire Magic     | 2 5 6 7 10 12 14 17 20 | 20.0
Evocations     | 5 8 10 | 10.5
Ice Magic      | 24 | 24.0

Action                   |  1- 3 |  4- 6 |  7- 9 | 10-12 | 13-15 | 16-18 | 19-21 | 22-24 | 25-27 || total
-------------------------+-------+-------+-------+-------+-------+-------+-------+-------+-------++-------
Melee: Unarmed           |     8 |       |       |       |       |       |       |       |       ||     8
       Short sword       |    45 |    16 |    44 |   129 |   366 |       |       |       |       ||   600
       Headbutt          |       |     3 |     8 |    27 |    81 |    48 |   105 |   171 |  1910 ||  2353
       Quick blade       |       |       |       |       |    87 |   329 |   255 |   237 |  4139 ||  5047
       Staff             |       |       |       |       |    20 |    10 |    16 |    11 |     2 ||    59
       Rapier            |       |       |       |       |       |       |   180 |   379 |  1837 ||  2396
       Trident           |       |       |       |       |       |       |       |       |     1 ||     1
Throw: Throwing net      |       |       |     1 |     1 |       |       |       |       |       ||     2
       Dart              |       |       |       |       |       |       |       |     3 |       ||     3
 Cast: Sandblast         |    64 |    56 |    65 |       |       |       |       |       |       ||   185
       Stone Arrow       |       |       |   182 |   242 |   734 |   696 |   457 |   521 |   122 ||  2954
       Apportation       |       |       |     4 |    11 |       |       |     4 |    24 |   233 ||   276
       Petrify           |       |       |     2 |    22 |    24 |    67 |     1 |    18 |       ||   134
       Lee's Rapid Decon |       |       |       |    24 |    10 |    20 |    52 |    41 |   141 ||   288
       Borgnjor's Vile C |       |       |       |     2 |    35 |    27 |    35 |    75 |   166 ||   340
       Blink             |       |       |       |     1 |       |       |       |       |     3 ||     4
       Bolt of Magma     |       |       |       |       |    10 |    30 |    42 |    58 |    65 ||   205
       Passwall          |       |       |       |       |     1 |       |       |       |    24 ||    25
       Irradiate         |       |       |       |       |       |    10 |    20 |    23 |   229 ||   282
       Fireball          |       |       |       |       |       |     2 |    28 |    28 |    10 ||    68
       Ignition          |       |       |       |       |       |       |       |    18 |   186 ||   204
       Iron Shot         |       |       |       |       |       |       |       |       |   420 ||   420
       Absolute Zero     |       |       |       |       |       |       |       |       |   349 ||   349
       Shatter           |       |       |       |       |       |       |       |       |    91 ||    91
       Necromutation     |       |       |       |       |       |       |       |       |    27 ||    27
       Hailstorm         |       |       |       |       |       |       |       |       |     1 ||     1
Invok: Call Merchant     |       |       |       |     1 |       |     1 |     3 |     2 |     4 ||    11
 Abil: End Transformatio |       |       |       |       |       |       |       |       |     3 ||     3
Evoke: Wand              |       |       |       |    10 |     8 |       |     7 |    13 |    22 ||    60
       Lightning rod     |       |       |       |     3 |    10 |     3 |     4 |    10 |     3 ||    33
       Box of beasts     |       |       |       |     1 |     1 |     3 |     1 |       |     2 ||     8
       Condenser vane    |       |       |       |       |     4 |     4 |     2 |     2 |     3 ||    15
       Tin of tremorston |       |       |       |       |       |     4 |     1 |     2 |     7 ||    14
       Phial of floods   |       |       |       |       |       |     1 |       |       |     2 ||     3
       Phantom mirror    |       |       |       |       |       |       |     1 |     1 |     3 ||     5
       Horn of Geryon    |       |       |       |       |       |       |       |       |     6 ||     6
       Figurine of a zig |       |       |       |       |       |       |       |       |     1 ||     1
  Use: Scroll            |       |     8 |    11 |     8 |    25 |     3 |     8 |    16 |    77 ||   156
       Potion            |       |     2 |       |     1 |     2 |     3 |       |     4 |    41 ||    53
 Stab: Sleeping          |       |       |     1 |       |     2 |       |     9 |     5 |    49 ||    66
       Petrified         |       |       |       |    32 |    24 |    45 |     2 |    11 |       ||   114
       Distracted        |       |       |       |       |     3 |     7 |     7 |     6 |   108 ||   131
       Confused          |       |       |       |       |       |     4 |       |       |       ||     4
       Petrifying        |       |       |       |       |       |       |       |     4 |     2 ||     6
       Invisible         |       |       |       |       |       |       |       |       |     1 ||     1
Armor: Robe              |    11 |     4 |    31 |    31 |    64 |    69 |    27 |    35 |   243 ||   515
Dodge: Dodged            |    62 |    10 |    48 |    51 |   242 |   233 |   133 |   192 |  1413 ||  2384
Block: Other             |       |     2 |    31 |    18 |       |       |       |       |       ||    51
       Reflection        |       |       |     3 |     8 |    13 |    76 |    75 |    37 |    77 ||   289
       Buckler           |       |       |       |    57 |   463 |   352 |       |       |       ||   872
       Kite shield       |       |       |       |       |       |    72 |   387 |   554 |  4027 ||  5040

Table legend: (Time is in decaauts)
 A = Elapsed time spent in this place.
 B = Non-inter-level travel time spent in this place.
 C = Inter-level travel time spent in this place.
 D = Time resting spent in this place.
 E = Time spent auto-exploring this place.
 F = Levels seen in this place.
 G = Mean time per level.
                   A        B        C        D        E       F      G
               +--------+--------+--------+--------+--------+-----+--------+
         Total | 167538 | 158512 |   9026 |  29377 |  91525 | 130 | 1288.8 |
       Dungeon |  22780 |  20759 |   2021 |   1167 |  16231 |  15 | 1518.7 |
        Temple |    219 |    207 |     12 |      0 |    196 |   1 |  219.0 |
          Lair |  15531 |  14518 |   1013 |   1051 |  11516 |   6 | 2588.5 |
        Shoals |   6306 |   6160 |    146 |    674 |   4374 |   4 | 1576.5 |
     Snake Pit |   9544 |   9373 |    171 |    677 |   7130 |   4 | 2386.0 |
    Slime Pits |   3994 |   3910 |     84 |   1359 |   1815 |   5 |  798.8 |
  Orcish Mines |   4902 |   4647 |    255 |   1276 |   2370 |   2 | 2451.0 |
   Elven Halls |   6206 |   5671 |    535 |    129 |   4577 |   3 | 2068.7 |
        Vaults |  15998 |  14516 |   1482 |   2016 |   9941 |   5 | 3199.6 |
         Crypt |   5149 |   4809 |    340 |    300 |   3511 |   3 | 1716.3 |
          Tomb |   6739 |   6150 |    589 |   1343 |   3288 |   3 | 2246.3 |
        Depths |  14610 |  13401 |   1209 |   2160 |   9181 |   5 | 2922.0 |
          Hell |   7570 |   7323 |    247 |   6356 |    652 |   1 | 7570.0 |
           Dis |   3022 |   2933 |     89 |    744 |    382 |   7 |  431.7 |
       Gehenna |   5556 |   5341 |    215 |   1723 |    317 |   7 |  793.7 |
       Cocytus |   5034 |   4844 |    190 |   1290 |    458 |   7 |  719.1 |
      Tartarus |   5086 |   5032 |     54 |   1615 |    863 |   7 |  726.6 |
           Zot |  11321 |  10953 |    368 |   2252 |   7039 |   5 | 2264.2 |
         Abyss |   1964 |   1964 |      0 |    129 |    393 |   4 |  491.0 |
   Pandemonium |   7708 |   7708 |      0 |   2500 |   2210 |  12 |  642.3 |
      Ziggurat |   3291 |   3291 |      0 |    300 |   1691 |  20 |  164.6 |
        Bailey |   1002 |   1002 |      0 |      0 |    733 |   1 | 1002.0 |
        Wizlab |   1249 |   1249 |      0 |     54 |    840 |   1 | 1249.0 |
    Desolation |   2219 |   2219 |      0 |    147 |   1654 |   1 | 2219.0 |
      Gauntlet |    528 |    528 |      0 |    114 |    157 |   1 |  528.0 |
               +--------+--------+--------+--------+--------+-----+--------+

Top non-repeatable levels by time:
    Hell: 7570 daAuts
  Tomb:1: 4737 daAuts
Vaults:4: 4269 daAuts
Depths:4: 3699 daAuts
Depths:1: 3695 daAuts
  Lair:5: 3576 daAuts
 Snake:4: 3514 daAuts
  Lair:3: 3402 daAuts
   Zot:5: 3156 daAuts
Vaults:1: 3022 daAuts
Vaults:5: 2946 daAuts
Vaults:3: 2882 daAuts
Vaults:2: 2877 daAuts
   Orc:2: 2821 daAuts
  Lair:2: 2748 daAuts
